 Dungeon Crawl Stone Soup version 0.27-a0-346-ga689d4a613 (webtiles) character file.

Game seed: 16373951397096093560

1131862 ArcanElement the Bringer of Light (level 27, -2/224 HPs)
             Began as a Human Fighter on Feb 11, 2021.
             Was the Champion of the Shining One.
             Killed by divine providence
             ... invoked by a daeva
              (12 damage)
             ... in Pandemonium on Feb 15, 2021.
             The game lasted 08:18:06 (121960 turns).

ArcanElement the Bringer of Light (Human Fighter) Turns: 121960, Time: 08:18:06

Health: -2/224     AC: 58    Str: 27    XL:     27
Magic:  32/32      EV: 37    Int:  7    God:    the Shining One [******]
Gold:   7394       SH: 39    Dex: 20    Spells: 26/26 levels left

rFire    + + +     SeeInvis .   l - +9 eudemon blade (holy)
rCold    . . .     Faith    .   C - +7 tower shield {AC+3}
rNeg     + + +     Spirit   .   v - +16 plate armour "Egerhuof" {Rampage Regen+}
rPois    +         Reflect  +   N - +2 hat {Will+}
rElec    +         Harm     .   I - +3 cloak "Iriff" {rF++}
rCorr    .         Rampage  +   f - +2 pair of gloves {Dex+3}
Will     +++..     Rnd*Rage +   h - +2 pair of boots {Fly}
Stlth    ..........             U - amulet of Jist {Reflect rF+ SH+5}
HPRegen  0.00/turn              g - ring of the Hare {EV+8}
MPRegen  0.23/turn              W - ring of Yroiw {rPois rN+ AC+4 Str+4}

@: flying, hasted, glowing, studying 3 skills, very quick
A: repulsion field 1, icy blue scales 1, yellow scales 1, berserk 1, blurry
vision 3, deformed body, deterioration 2, dopey 1, frail 1, low mp 2, screaming
3, electricity resistance, inhibited regeneration, weak 1, evolution 1, subdued
magic 3
}: 10/15 runes: decaying, serpentine, slimy, silver, abyssal, demonic, glowing,
magical, fiery, dark
a: Stop Flying, Renounce Religion, Divine Shield, Cleansing Flame, Summon Divine
Warrior


You were in Pandemonium.
You worshipped the Shining One.
The Shining One was exalted by your worship.
You visited 13 branches of the dungeon, and saw 59 of its levels.
You visited Pandemonium 5 times, and saw 25 of its levels.
You visited the Abyss 3 times.
You also visited: Sewer and Gauntlet.

You collected 12409 gold pieces.
You spent 5015 gold pieces at shops.

Inventory:

Hand Weapons
 l - a +9 eudemon blade of holy wrath (weapon)
 X - the +5 whip of Doubt {protect, rPois rN+}
   (You found it in Pandemonium)

   It grants its wielder temporary protection when it strikes (+7 to AC).
   It protects you from poison.
   It protects you from negative energy.
 Z - the +1 hand crossbow "Reasieti" {flame, *Slow rElec rPois Str+4, unknown}
   (You found it in Pandemonium)

   It causes projectiles fired from it to burn those they strike, causing extra
   injury to most foes and up to half again as much damage against particularly
   susceptible opponents.
   It affects your strength (+4).
   It insulates you from electricity.
   It protects you from poison.
   It may slow you when you take damage.
Missiles
 q - 20 boomerangs of dispersal
 s - 16 silver javelins (quivered)
 R - 2 silver boomerangs
Armour
 f - a +2 pair of gloves of dexterity (worn)
 h - a +2 pair of boots of flying (worn)
 v - the +16 plate armour "Egerhuof" (worn) {Rampage Regen+}
   (You bought it in a shop on level 2 of the Orcish Mines)

   It increases your rate of regeneration.
   It bestows one free step when moving towards enemies.
 C - a +7 tower shield of protection (worn)
 D - a +2 tower shield of poison resistance
 I - the +3 cloak "Iriff" (worn) {rF++}
   (You found it on level 4 of the Depths)

   It greatly protects you from fire.
 N - a +2 hat of willpower (worn)
Jewellery
 g - the ring of the Hare (left hand) {EV+8}
   (You found it on level 12 of the Dungeon)

   [ring of evasion]

   It affects your evasion (+8).
 U - the amulet of Jist (around neck) {Reflect rF+ SH+5}
   (You found it on level 2 of the Depths)

   [amulet of reflection]

   It shields you and reflects attacks.
   It protects you from fire.
   It affects your SH (+5).
 W - the ring of Yroiw (right hand) {rPois rN+ AC+4 Str+4}
   (You found it on level 3 of the Vaults)

   [ring of protection]

   It affects your AC (+4).
   It affects your strength (+4).
   It protects you from poison.
   It protects you from negative energy.
Wands
 w - a wand of acid (84)
 A - a wand of flame (143)
 H - a wand of iceblast (134)
 L - a wand of paralysis (71)
 O - a wand of mindburst (65)
 P - a wand of digging (19)
 V - a wand of charming (27)
Scrolls
 c - 4 scrolls of summoning
 d - 32 scrolls of identify
 e - 12 scrolls of fog
 i - 7 scrolls of blinking
 j - 15 scrolls of teleportation
 o - 2 scrolls of enchant weapon
 t - 13 scrolls of immolation
 u - 9 scrolls of holy word
 x - 20 scrolls of magic mapping
 y - 11 scrolls of fear
 E - 2 scrolls of silence
 G - a scroll of amnesia
 Y - a scroll of acquirement
Potions
 a - 27 potions of curing
 b - 2 potions of resistance
 k - 6 potions of berserk rage
 m - 12 potions of might
 n - 7 potions of cancellation
 p - 7 potions of haste
 r - 12 potions of attraction
 z - 4 potions of magic
 J - 13 potions of lignification
 K - 5 potions of ambrosia
 Q - a potion of mutation
 T - a potion of brilliance
Miscellaneous
 F - a box of beasts
 M - a phantom mirror
 S - a lightning rod (3/4)


   Skills:
 O Level 27 Fighting
 + Level 17.7 Long Blades
 - Level 20.0 Throwing
 - Level 25.0 Armour
 - Level 25.0 Dodging
 - Level 25.0 Shields
 O Level 27 Invocations
 + Level 15.2 Evocations


You had 26 spell levels left.
You didn't know any spells.
Your spell library contained the following spells:

 Spells                   Type           Power        Failure   Level
 Animate Skeleton         Necr           0%           75%         1
 Apportation              Tloc           0%           75%         1
 Beastly Appendage        Tmut           0%           75%         1
 Corona                   Hex            0%           75%         1
 Foxfire                  Conj/Fire      0%           75%         1
 Magic Dart               Conj           0%           75%         1
 Pain                     Necr           0%           75%         1
 Sandblast                Erth           0%           75%         1
 Shock                    Conj/Air       0%           75%         1
 Sting                    Tmut/Pois      0%           75%         1
 Summon Small Mammal      Summ           0%           75%         1
 Blink                    Tloc           N/A          88%         2
 Call Imp                 Summ           0%           88%         2
 Corpse Rot               Necr/Air       N/A          88%         2
 Ensorcelled Hibernation  Hex/Ice        0%           88%         2
 Passwall                 Tmut/Erth      0%           88%         2
 Poisonous Vapours        Pois/Air       0%           88%         2
 Searing Ray              Conj           0%           88%         2
 Slow                     Hex            0%           88%         2
 Sublimation of Blood     Necr           0%           88%         2
 Swiftness                Air            0%           88%         2
 Wereblood                Tmut           0%           88%         2
 Call Canine Familiar     Summ           0%           98%         3
 Confusing Touch          Hex            0%           98%         3
 Conjure Flame            Conj/Fire      0%           98%         3
 Dazzling Flash           Conj/Hex       0%           98%         3
 Gell's Gravitas          Tloc           0%           98%         3
 Ignite Poison            Fire/Tmut/Pois 0%           98%         3
 Inner Flame              Hex/Fire       0%           98%         3
 Lesser Beckoning         Tloc           0%           98%         3
 Mephitic Cloud           Conj/Pois/Air  0%           98%         3
 Portal Projectile        Hex/Tloc       0%           98%         3
 Spider Form              Tmut/Pois      0%           98%         3
 Static Discharge         Conj/Air       0%           98%         3
 Stone Arrow              Conj/Erth      0%           98%         3
 Summon Guardian Golem    Hex/Summ       0%           98%         3
 Teleport Other           Tloc           0%           98%         3
 Tukima's Dance           Hex            0%           98%         3
 Vampiric Draining        Necr           0%           98%         3
 Airstrike                Air            0%           100%        4
 Animate Dead             Necr           0%           100%        4
 Cause Fear               Hex            0%           100%        4
 Dispel Undead            Necr           0%           100%        4
 Fulminant Prism          Conj/Hex       0%           100%        4
 Ice Form                 Ice/Tmut       0%           100%        4
 Iskenderun's Mystic Bla  Conj/Tloc      0%           100%        4
 Leda's Liquefaction      Hex/Erth       0%           100%        4
 Olgreb's Toxic Radiance  Pois           0%           100%        4
 Passage of Golubria      Tloc           N/A          100%        4
 Petrify                  Tmut/Erth      0%           100%        4
 Sticky Flame             Conj/Fire      0%           100%        4
 Summon Ice Beast         Ice/Summ       0%           100%        4
 Summon Lightning Spire   Summ/Air       0%           100%        4
 Agony                    Necr           0%           100%        5
 Alistair's Intoxication  Tmut/Pois      0%           100%        5
 Blade Hands              Tmut           0%           100%        5
 Bolt of Magma            Conj/Fire/Erth 0%           100%        5
 Borgnjor's Vile Clutch   Necr/Erth      0%           100%        5
 Excruciating Wounds      Necr           0%           100%        5
 Fireball                 Conj/Fire      0%           100%        5
 Irradiate                Conj/Tmut      0%           100%        5
 Iskenderun's Battlesphe  Conj           0%           100%        5
 Lee's Rapid Deconstruct  Erth           0%           100%        5
 Lightning Bolt           Conj/Air       0%           100%        5
 Metabolic Englaciation   Hex/Ice        0%           100%        5
 Silence                  Hex/Air        0%           100%        5
 Yara's Violent Unravell  Hex/Tmut       0%           100%        5
 Dispersal                Tloc           0%           100%        6
 Freezing Cloud           Conj/Ice/Air   0%           100%        6
 Hydra Form               Tmut           0%           100%        6
 Invisibility             Hex            0%           100%        6
 Iron Shot                Conj/Erth      0%           100%        6
 Simulacrum               Ice/Necr       0%           100%        6
 Starburst                Conj/Fire      0%           100%        6
 Statue Form              Tmut/Erth      0%           100%        6
 Dragon Form              Tmut           0%           100%        7
 Haunt                    Necr/Summ      0%           100%        7
 Malign Gateway           Summ/Tloc      0%           100%        7
 Monstrous Menagerie      Summ           0%           100%        7
 Orb of Destruction       Conj           0%           100%        7
 Spellforged Servitor     Conj/Summ      0%           100%        7
 Chain Lightning          Conj/Air       0%           100%        8
 Discord                  Hex            0%           100%        8
 Disjunction              Tloc           0%           100%        8
 Ignition                 Fire           0%           100%        8
 Lehudib's Crystal Spear  Conj/Erth      0%           100%        8
 Summon Horrible Things   Summ           0%           100%        8
 Absolute Zero            Ice            0%           100%        9
 Dragon's Call            Summ           0%           100%        9
 Fire Storm               Conj/Fire      0%           100%        9
 Shatter                  Erth           0%           100%        9
 Tornado                  Air            0%           100%        9


Dungeon Overview and Level Annotations

Branches:
Dungeon (15/15)            Temple (1/1) D:6            Lair (6/6) D:11
  Swamp (4/4) Lair:4        Snake (4/4) Lair:2        Slime (5/5) Lair:6
    Orc (2/2) D:9             Elf (3/3) Orc:2        Vaults (5/5) D:14
  Crypt (3/3) Vaults:2       Tomb (0/3) Crypt:3      Depths (5/5) D:15
   Hell (visited)             Dis (0/7) Hell            Geh (0/7) Hell
    Coc (0/7) Hell            Tar (0/7) Hell            Zot (5/5) Depths:5
  Sewer (visited)         Gauntlet (visited)

Altars:
Ashenzari
Cheibriados
Dithmenos
Elyvilon
Fedhas
Gozag
Hepliaklqana
Kikubaaqudgha
Makhleb
Nemelex Xobeh
Okawaru
Qazlal
Ru
Sif Muna
Trog
Uskayaw
Vehumet
Wu Jian
Xom
Yredelemnul
Zin
The Shining One
Beogh
Lugonu

Shops:
D:4 ?   D:7 [   D:12 *   D:14 [   Orc:2 [=(*   Snake:1 =*   Vaults:2 ?
Depths:2 !*[:!   Depths:4 (

Portals:
Hell: Depths:1 Depths:2 Depths:3 Depths:4 Depths:5
Abyss: Depths:2 Depths:3 Depths:4
Pandemonium: Depths:3
Ziggurat: Depths:2

Annotations:
Zot:5 3 runed translucent doors, exclusions: obsidian statue and 1 more exclusion, Numknucks's ghost, legendary TrWz


Innate Abilities, Weirdness & Mutations

You are surrounded by a mild repulsion field. (EV +2)
You are partially covered in icy blue scales. (AC +2)
You are partially covered in yellow scales. (AC +2)
You tend to lose your temper in combat.
Scrolls take you much longer to read.
Armour fits poorly on your strangely shaped body.
Your body often deteriorates upon taking damage.
You are dopey. (Int -2)
You are frail. (-10% HP)
Your magical capacity is very low. (-20% MP)
You frequently scream uncontrollably at your foes.
You are resistant to electric shocks. (rElec)
You do not regenerate when monsters are visible.
You are weak. (Str -2)
You evolve.
Your spells are much easier to cast, but much less powerful.


Message History

Unknown command.
Things that are here:
a +0 tower shield; a +4 long sword of holy wrath
Aiming: Corrosive Bolt
Press: ? - help, Shift-Dir - straight line, f/p - daeva
Aim: a daeva, wielding a +5 eudemon blade of holy wrath and wearing a +0 tower shield (severely wounded, covered in acid, haloed, 19% to evade)
The bolt of acid hits the daeva!!
The daeva is splashed with acid.
The daeva seems to be corroded for longer.
The daeva is severely wounded.
The bolt of acid misses the daeva.
The daeva calls down the wrath of Zin upon you.
Zin smites you!
* * * LOW HITPOINT WARNING * * *
The daeva calls down the wrath of Zin upon you.
Zin smites you!
* * * LOW HITPOINT WARNING * * *
Unknown command.
Really read with blurry vision while enemies are nearby? [Y]es or [N]o only, please.
Really read with blurry vision while enemies are nearby? [Y]es or [N]o only, please.
Really read with blurry vision while enemies are nearby?
Okay, then.
Unknown command.
Okay, then.
Okay, then.
You feel yourself speed up.
The daeva calls down the wrath of Zin upon you.
Zin smites you!
* * * LOW HITPOINT WARNING * * *
Things that are here:
a +0 tower shield; a +3 eudemon blade of holy wrath The daeva is no longer covered in acid.
There is an open door here.
Your divine shield fades away.
Okay, then.
Unknown command.
The daeva calls down the wrath of Zin upon you.
Zin smites you!
You die...

##########
###........#####
#..............###
.................####
#.##############....#####
.## #.#......##### ##
#@##.........#### #
#.....A..#......## #
#########A.......... #
..#.#.#.#.#.#.#.....###.
#
#.'......AA['......####.
# .#.#.#.#.#.#.#...####..
# #########......##... #
#........#........ ##
#.##..............


You could see 2 daevas.

Vanquished Creatures
  Dissolution (Slime:3)
  the Royal Jelly (Slime:5)
  Gloorx Vloq (Pan)
  Lom Lobon (Pan)
  2 dread liches (Vaults:5)
  10 orbs of fire
  The ghost of Angmar the Cloud Mage, a veteran DrAE of Vehumet (Vaults:2)
  6 ancient liches
  2 juggernauts (Depths:2)
  Sojobo (Vaults:4)
  Frederick (Vaults:5)
  Bai Suzhen (Vaults:3)
  Vashnia (Snake:2)
  A curse toe (Zot:5)
  3 Killer Klowns
  2 caustic shrikes (Depths:5)
  16 pandemonium lords (Pan)
  8 golden dragons
  Geryon (Hell)
  Xtahua (Vaults:5)
  5 bone dragons
  Jory (Vaults:5)
  A profane servitor (Crypt:3)
  3 electric golems
  A hellephant (Abyss:5)
  The ghost of Yveapn the Impregnable, an adept MiFi of Uskayaw (Snake:4)
  14 Brimstone Fiends (Pan)
  15 Tzitzimimeh (Pan)
  17 tentacled monstrosities
  18 Ice Fiends (Pan)
  4 Hell Sentinels
  9 liches
  25 Orb Guardians (Zot:5)
  4 deep elf blademasters
  3 quicksilver dragons
  A quicksilver dragon (shapeshifter) (D:12)
  Asterion (Depths:1)
  3 titans
  24 acid blobs
  3 ancient champions
  4 death cobs
  An eldritch tentacle (Pan)
  16 tentacled starspawn
  4 sphinxes
  3 deep elf master archers
  2 thorn hunters (Swamp:2)
  16 storm dragons
  26 Executioners (Pan)
  A revenant (Crypt:1)
  13 shadow dragons
  Donald (Snake:2)
  6 fire giants
  10 tengu reavers
  7 nagarajas
  2 daevas (Pan)
  8 draconian monks
  11 azure jellies
  11 frost giants
  12 corrupters (Pan)
  8 draconian knights
  9 deep elf sorcerers
  18 vault wardens
  8 curse skulls
  4 orc warlords
  2 iron dragons
  5 ghost moths
  6 draconian shifters
  The ghost of Icun the Thaumaturge, a journeyman GnWr of Okawaru (Snake:4)
  Aizul (Depths:1)
  12 blood saints (Pan)
  6 draconian scorchers
  15 warmongers (Pan)
  3 angels (Pan)
  27 balrugs
  6 deep elf elementalists
  23 cacodemons
  29 reapers
  A spriggan defender (Depths:5)
  13 draconian annihilators
  5 draconian stormcallers
  13 ghouls
  19 very ugly things
  13 ironheart preservers
  3 ophanim
  21 stone giants
  2 war gargoyles (Hell)
  5 vampire knights
  12 green draconians
  An apis (Pan)
  3 dire elephants (Abyss:5)
  12 deep elf demonologists
  8 yellow draconians
  28 lorocyprocas (Pan)
  18 deep elf annihilators
  14 white draconians
  18 black suns (Pan)
  14 black draconians
  12 purple draconians
  The ghost of Tewud the Maledictor, a journeyman FeIE of Vehumet (Vaults:3)
  5 entropy weavers
  12 bunyips
  8 red draconians
  4 spark wasps (Depths:5)
  A minotaur (Gauntlet)
  A merfolk javelineer (Depths:4)
  A merfolk impaler (Depths:4)
  A mummy priest (Crypt:3)
  8 deep elf death magi
  23 blizzard demons
  A crystal guardian (Vaults:3)
  Snorg (D:12)
  10 eidola
  6 ettins
  A quicksilver dragon zombie (Crypt:3)
  3 jiangshi
  27 yaktaur captains
  8 deep elf high priests
  20 fire dragons
  6 eleionomae
  27 green deaths
  11 death oozes
  16 naga warriors
  37 vault guards
  Fannar (D:12)
  20 great orbs of eyes
  A catoblepas (Lair:5)
  Harold (Lair:2)
  4 hell beasts
  21 monstrous demonspawn (Pan)
  6 spriggan air magi
  12 hydras
  16 rakshasas
  Erolcha (D:11)
  9 boulder beetles
  11 ice dragons
  7 death knights
  8 ogre magi
  9 centaur warriors
  4 ghost crabs
  10 alligators
  11 anacondas
  10 two-headed ogres
  24 dancing weapons
  A merfolk aquamancer (Depths:4)
  A hell hog (Hell)
  8 tengu warriors
  19 death yaks
  Urug (Lair:3)
  8 deep troll shamans
  6 vampire magi
  11 shock serpents
  8 deep troll earth magi
  18 thrashing horrors
  4 orc high priests
  7 spriggan berserkers
  11 naga sharpshooters
  Sonja (D:11)
  23 deep elf knights
  10 shadow wraiths
  6 hell knights
  An iron golem (Hell)
  76 sun demons
  93 soul eaters
  2 titan skeletons (Pan)
  18 wretched stars
  4 goliath frogs
  2 storm dragon skeletons
  37 skeletal warriors
  7 flayed ghosts
  A sea snake (Snake:1)
  41 sixfirhies
  5 spatial maelstroms
  An unseen horror (shapeshifter) (Vaults:1)
  A spark wasp zombie (Depths:5)
  8 glowing orange brains
  23 torturous demonspawn (Pan)
  A death drake (Swamp:4)
  7 bog bodies
  13 infernal demonspawn (Pan)
  9 salamander mystics
  4 unseen horrors
  11 naga ritualists
  3 anaconda zombies
  A ghost moth zombie (Abyss:4)
  2 spriggan druids (Swamp:3)
  2 spectral hydras (Swamp:4)
  28 deep trolls
  13 deep elf archers
  A lindwurm (Lair:6)
  An entropy weaver zombie (Crypt:1)
  23 phantasmal warriors
  A shadow dragon zombie (Crypt:3)
  4 swamp dragons
  17 gelid demonspawn (Pan)
  6 shadow demons
  9 wizards
  2 obsidian statues (Zot:5)
  9 necromancers
  An iron dragon zombie (Crypt:3)
  17 ironbrand convokers
  9 orc sorcerers
  33 deep elf zephyrmancers
  A wolf spider (shapeshifter) (Depths:5)
  2 tengu skeletons
  38 deep elf pyromancers
  21 orc knights
  8 cyclopes
  6 oklob plants
  2 stone giant zombies
  14 mana vipers
  A manticore (shapeshifter) (Depths:5)
  A faun (shapeshifter) (Vaults:2)
  9 salamanders
  A frost giant zombie (Hell)
  4 worldbinders
  40 ugly things
  2 anaconda skeletons
  6 wolf spiders
  A cyclops (shapeshifter) (Vaults:3)
  10 shining eyes
  A shining eye (shapeshifter) (Depths:2)
  2 iron dragon skeletons
  5 will-o-the-wisps
  20 moths of wrath
  2 frost giant skeletons (Pan)
  10 elephants
  11 guardian serpents
  Maurice (D:12)
  34 black mambas
  Joseph (D:8)
  11 naga magi
  A cane toad (shapeshifter) (D:15)
  2 centaur zombies
  4 eyes of devastation
  15 rust devils
  11 cane toads
  A dire elephant zombie (Crypt:3)
  4 apocalypse crabs
  108 smoke demons
  22 vault sentinels
  38 orange demons
  Maggie (D:8)
  A torpor snail (shapeshifter) (Depths:5)
  A fire giant skeleton (Crypt:2)
  2 gargoyles
  2 torpor snails
  An ice statue (Hell)
  17 hellions
  15 tormentors (Pan)
  A human zombie (Vaults:4)
  An anaconda simulacrum (Hell)
  10 ice devils
  55 yaktaurs
  A rime drake (Lair:1)
  A rime drake (shapeshifter) (Elf:1)
  9 efreet
  10 komodo dragons
  37 demonic crawlers (Pan)
  45 hellwings
  Psyche (D:12)
  4 swamp worm zombies (Swamp:4)
  12 ancient zymes
  4 freezing wraiths
  6 hydra zombies
  A bloated husk (Swamp:4)
  A komodo dragon (shapeshifter) (Vaults:4)
  A white draconian skeleton (Pan)
  A red draconian skeleton (Crypt:1)
  A silent spectre (Depths:4)
  6 meliai (D:15)
  2 harpy zombies
  A troll (shapeshifter) (Vaults:3)
  A polar bear (Lair:6)
  A golden dragon simulacrum (Abyss:2)
  12 hornets
  8 tyrant leeches
  8 trolls
  A meliai (shapeshifter) (Depths:5)
  24 red devils
  An ice dragon zombie (Hell)
  2 slime creatures (shapeshifter)
  3 jumping spiders
  3 hydra skeletons
  129 slime creatures
  A tengu simulacrum (Vaults:2)
  A dream sheep (shapeshifter) (Depths:2)
  Grinder (D:4)
  A hornet (shapeshifter) (Vaults:1)
  28 raiju
  An iron dragon simulacrum (Crypt:1)
  23 blink frogs
  A guardian serpent zombie (Crypt:2)
  2 alligator zombies (Swamp:4)
  A fire dragon zombie (Crypt:3)
  A meliai zombie (D:12)
  4 dream sheep (Lair:6)
  An ettin zombie (Crypt:3)
  5 flying skulls (Abyss:5)
  2 spriggans (shapeshifter)
  A fire dragon skeleton (Pan)
  4 air elementals
  A black mamba zombie (Crypt:3)
  3 shadows
  2 tarantellas
  13 water elementals
  An ushabti (Crypt:3)
  An ettin skeleton (Pan)
  Eustachio (D:6)
  A tarantella (shapeshifter) (Vaults:5)
  A dire elephant simulacrum (Abyss:4)
  19 wraiths
  7 fire elementals
  15 redbacks
  An ice dragon skeleton (Crypt:1)
  6 spriggans
  71 ynoxinuls
  10 golden eyes
  A human (shapeshifter) (Vaults:1)
  An alligator skeleton (Hell)
  46 yaks
  A golden eye (shapeshifter) (Abyss:1)
  4 wyverns
  45 neqoxecs
  8 humans (D:14)
  5 basilisks
  Grum (D:8)
  53 chaos spawn
  A hog (shapeshifter) (Depths:3)
  5 vampire mosquitoes
  7 spatial vortices
  98 large abominations
  An infernal demonspawn zombie (Abyss:4)
  13 wargs
  13 swamp worms
  An infernal demonspawn skeleton (Crypt:2)
  A hell hound (Hell)
  2 cane toad zombies
  2 acid dragons
  68 nagas
  A soldier ant (D:11)
  A floating eye (Slime:5)
  22 water moccasins
  A hydra simulacrum (Hell)
  A monstrous demonspawn skeleton (Crypt:2)
  2 black bears (Lair:6)
  59 orc warriors
  8 sky beasts
  An ice beast (D:9)
  A two-headed ogre skeleton (Crypt:2)
  A cane toad skeleton (Pan)
  A snapping turtle zombie (Crypt:3)
  An alligator simulacrum (Abyss:1)
  A blink frog zombie (Crypt:1)
  An ettin simulacrum (Vaults:1)
  21 ogres
  24 small abominations
  A dream sheep zombie (Crypt:1)
  14 necrophages
  A swamp dragon zombie (Swamp:4)
  28 wolves
  2 eyes of draining (shapeshifter)
  6 boggarts
  22 eyes of draining
  2 human skeletons (Vaults:1)
  9 phantoms
  23 centaurs
  2 kobold brigands
  A cyclops zombie (Crypt:1)
  17 bullfrogs
  An elf skeleton (Pan)
  2 earth elementals
  2 deep troll simulacra
  4 scorpions
  A water moccasin skeleton (Crypt:1)
  9 wyvern skeletons
  13 killer bees
  A scorpion (shapeshifter) (Vaults:2)
  2 oklob saplings (D:8)
  A troll skeleton (Abyss:1)
  13 wights
  An electric eel (Lair:2)
  4 howler monkeys
  5 crimson imps
  5 quasits
  22 orc priests
  78 starcursed masses
  A demonspawn zombie (Crypt:1)
  3 bullfrog skeletons
  6 hounds
  8 jellies
  Crazy Yiuf (D:6)
  3 centaur skeletons
  An iron imp (Abyss:1)
  Jessica (D:2)
  A basilisk skeleton (Crypt:2)
  Terence (D:2)
  3 iguanas
  31 orc wizards
  A spectral swamp drake (Swamp:4)
  11 hell rats (Hell)
  13 worker ants
  2 killer bee zombies
  A tengu zombie (Hell)
  2 mummies (Crypt:3)
  2 hound skeletons
  2 worker ant zombies
  28 adders
  4 gnolls (D:7)
  A howler monkey skeleton (D:8)
  3 river rats (Sewer)
  A swamp drake zombie (Swamp:4)
  An ogre simulacrum (Abyss:1)
  A scorpion zombie (Crypt:2)
  5 white imps
  7 ufetubi
  An ooze (D:4)
  An adder zombie (D:9)
  5 worms
  A dart slug (D:2)
  7 leopard geckos
  89 orcs
  10 ball pythons
  A bat skeleton (Crypt:1)
  5 giant cockroaches
  8 goblins
  9 hobgoblins
  20 jackals
  17 kobolds
  8 quokkas
  9 bats
  9 frilled lizards
  A giant cockroach zombie (D:6)
  2 quokka skeletons (D:6)
  11 rats
  2 ball lightnings (Pan)
  A bush (D:8)
  3 lurking horrors
  9 starspawn tentacles
  A withered plant (Crypt:3)
4238 creatures vanquished.

Vanquished Creatures (collateral kills)
  Cerebov (Pan)
  Mnoleg (Pan)
  A bone dragon (Swamp:4)
  A Tzitzimitl (Pan)
  2 pandemonium lords (Pan)
  A hellephant (Abyss:5)
  2 Brimstone Fiends (Pan)
  5 Ice Fiends (Pan)
  2 Executioners (Pan)
  4 cacodemons
  A draconian shifter (Abyss:5)
  A balrug (Pan)
  4 reapers (Pan)
  2 very ugly things (Pan)
  A corrupter (Pan)
  A bunyip (Swamp:4)
  5 lorocyprocas (Pan)
  A black sun (Pan)
  A red draconian (Zot:5)
  2 blizzard demons
  3 death oozes (Slime:5)
  A green death (Pan)
  A rakshasa (Pan)
  3 monstrous demonspawn (Pan)
  5 sun demons
  8 soul eaters
  An iron golem (Hell)
  An infernal demonspawn (Pan)
  A torturous demonspawn (Pan)
  2 spectral hydras (Swamp:4)
  A shadow demon (Pan)
  6 gelid demonspawn (Pan)
  An iron dragon zombie (Hell)
  6 ugly things
  A rust devil (Hell)
  9 smoke demons (Pan)
  An elephant (Abyss:5)
  An ice statue (Hell)
  2 orange demons (Pan)
  5 large abominations
  4 hellions
  An ice devil (Pan)
  A tormentor (Pan)
  A demonic crawler (Pan)
  2 red devils
  3 hydra zombies (Swamp:4)
  An alligator zombie (Swamp:4)
  2 raiju (Abyss:5)
  An ettin zombie (Hell)
  2 spectral swamp dragons (Swamp:4)
  A tarantella (shapeshifter) (D:12)
  A fire elemental (Hell)
  A neqoxec (Pan)
  3 chaos spawn
  A small abomination (D:12)
  3 spatial vortices (Abyss:5)
  A swamp dragon zombie (Swamp:4)
127 creatures vanquished.

Vanquished Creatures (others)
  Nikola (Depths:1)
  2 golden dragons (Vaults:5)
  An Ice Fiend (Pan)
  An Executioner (Pan)
  A tengu reaver (Vaults:4)
  A nagaraja (Snake:4)
  A fire giant (Vaults:5)
  A balrug (Pan)
  A war gargoyle (Vaults:5)
  A draconian annihilator (Pan)
  A black draconian (Zot:2)
  A green death (Pan)
  A blizzard demon (Pan)
  A hydra (Lair:6)
  A rakshasa (Abyss:5)
  2 deep elf knights
  A sixfirhy (Pan)
  An infernal demonspawn (Pan)
  A torturous demonspawn (Pan)
  2 deep elf pyromancers
  3 deep elf zephyrmancers
  An orc knight (Vaults:4)
  An orc sorcerer (Vaults:4)
  2 ugly things
  2 smoke demons (Pan)
  A naga mage (Snake:4)
  A stone giant skeleton (Vaults:4)
  A kobold demonologist (Depths:4)
  A red devil (Pan)
  A bloated husk (Swamp:4)
  A fire elemental (Hell)
  3 large abominations
  2 nagas
  2 swamp worms
  A small abomination (Abyss:1)
  A spatial vortex (Abyss:5)
  3 orc warriors
  2 humans
  2 phantoms (Swamp:4)
  A worker ant (D:12)
  2 orcs (Vaults:4)
  15 ball lightnings (Pan)
  2 bushes
  10 demonic plants
  23 foxfires
  73 fungi
  3 lurking horrors
  77 plants
  36 starspawn tentacles
  7 toadstools (Swamp:2)
  7 withered plants (Crypt:3)
310 creatures vanquished.

Grand Total: 4675 creatures vanquished

Notes
Turn   | Place    | Note
-------+----------+-------------------------------------------
     0 | D:1      | ArcanElement the Human Fighter began the quest for the Orb.
     0 | D:1      | Reached XP level 1. HP: 18/18 MP: 1/1
   144 | D:1      | Reached XP level 2. HP: 24/24 MP: 2/2
   462 | D:1      | Reached XP level 3. HP: 29/29 MP: 3/3
   738 | D:1      | Reached skill level 1 in Dodging
  1049 | D:2      | Found a snail-covered altar of Cheibriados.
  1056 | D:2      | Noticed Jessica
  1060 | D:2      | Killed Jessica
  1061 | D:2      | Reached XP level 4. HP: 35/35 MP: 4/4
  1109 | D:2      | Found an ancient bone altar of Kikubaaqudgha.
  1196 | D:2      | Noticed a human
  1198 | D:2      | Killed a human
  1216 | D:2      | Noticed Terence
  1233 | D:2      | Killed Terence
  1234 | D:2      | Reached XP level 5. HP: 40/41 MP: 5/5
  1326 | D:2      | Found a sacrificial altar of Ru.
  1547 | D:2      | Found a sparkling altar of Nemelex Xobeh.
  2796 | D:3      | Found a stormy altar of Qazlal.
  2806 | D:3      | Reached XP level 6. HP: 47/48 MP: 6/6
  3039 | D:4      | Found a glowing drain.
  3049 | Sewer    | Entered a sewer
  3199 | Sewer    | Found a white marble altar of Elyvilon.
  3269 | Sewer    | Became a worshipper of Elyvilon the Healer
  3323 | Sewer    | Gained mutation: Your muscles are strong. (Str +2) [potion
                  | of mutation]
  3323 | Sewer    | Gained mutation: You are partially covered in icy blue
                  | scales. (AC +2) [potion of mutation]
  3323 | Sewer    | Gained mutation: Your muscles are very strong. (Str +4)
                  | [potion of mutation]
  3332 | D:4      | Reached skill level 1 in Invocations
  3342 | D:4      | Reached XP level 7. HP: 37/54 MP: 8/8
  3505 | D:4      | Noticed Grinder
  3945 | D:4      | Paralysed by Grinder for 4 turns
  3973 | D:4      | Paralysed by Grinder for 7 turns
  3993 | D:4      | Killed Grinder
  3994 | D:4      | Reached XP level 8. HP: 57/60 MP: 11/11
  4154 | D:4      | Found Muated's Magic Scroll Emporium.
  4167 | D:4      | Reached skill level 5 in Invocations
  4441 | D:5      | Entered Level 5 of the Dungeon
  4677 | D:5      | Reached * piety under Elyvilon
  4794 | D:5      | Reached skill level 5 in Long Blades
  5110 | D:5      | Reached skill level 5 in Armour
  5472 | D:5      | Reached XP level 9. HP: 60/65 MP: 13/13
  5590 | D:5      | Found an iron altar of Okawaru.
  5685 | D:6      | Noticed Eustachio
  5736 | D:6      | Killed Eustachio
  6563 | D:6      | Found a staircase to the Ecumenical Temple.
  6571 | D:6      | Reached ** piety under Elyvilon
  6579 | Temple   | Entered the Ecumenical Temple
  6756 | Temple   | Fell from the grace of Elyvilon
  6756 | Temple   | Became a worshipper of the Shining One
  6840 | D:6      | Found a radiant altar of Vehumet.
  6906 | D:6      | Found a runed translucent door.
  6907 | D:6      | Noticed Crazy Yiuf
  6915 | D:6      | Killed Crazy Yiuf
  7248 | D:7      | Reached * piety under the Shining One
  7663 | D:7      | Reached XP level 10. HP: 71/71 MP: 16/16
  8337 | D:7      | Found Mistredept's Antique Armour Shop.
  8410 | D:7      | Bought a pair of runed boots for 232 gold pieces
  8958 | D:8      | Reached ** piety under the Shining One
  9314 | D:8      | Noticed Maggie
  9335 | D:8      | Killed Maggie
  9521 | D:8      | Found an iron altar of Okawaru.
  9536 | D:8      | Noticed Joseph
  9556 | D:8      | Paralysed by Joseph for 5 turns
  9561 | D:8      | Killed Joseph
  9958 | D:8      | Reached skill level 10 in Invocations
 10033 | D:8      | Noticed Grum
 10056 | D:8      | Killed Grum
 10726 | D:8      | Found a blossoming altar of Fedhas.
 11003 | D:8      | Identified Sif Muna's Grimoire of Contamination and
                  | Transmutation
 11424 | D:9      | Reached XP level 11. HP: 72/77 MP: 18/18
 11681 | D:9      | Found a staircase to the Orcish Mines.
 12073 | D:9      | Reached *** piety under the Shining One
 12443 | D:9      | Got a bloodstained robe
 12454 | D:9      | Identified the +2 robe "Qaschicor" {Dex+5} (You found it on
                  | level 9 of the Dungeon)
 12471 | D:10     | Entered Level 10 of the Dungeon
 12501 | D:10     | Reached skill level 10 in Long Blades
 14259 | D:11     | Noticed a brown ugly thing
 14279 | D:11     | Killed a brown ugly thing
 14280 | D:11     | Reached XP level 12. HP: 74/83 MP: 19/21
 14524 | D:11     | Noticed a two-headed ogre
 14525 | D:11     | Noticed Sonja
 14538 | D:11     | Killed a two-headed ogre
 14583 | D:11     | Killed Sonja
 14778 | D:11     | Paralysed by a hornet for 3 turns
 14851 | D:11     | Noticed Erolcha
 14867 | D:11     | Killed Erolcha
 14941 | D:11     | Noticed an unseen horror
 14953 | D:11     | Killed an unseen horror
 15143 | D:11     | Found a staircase to the Lair.
 15417 | Lair:1   | Entered Level 1 of the Lair of Beasts
 15452 | Lair:1   | Found a gate leading to a gauntlet.
 15461 | Gauntlet | Entered a Gauntlet
 15461 | Gauntlet | Found a transporter.
 15474 | Gauntlet | Found a transporter.
 15504 | Gauntlet | Found a transporter.
 15506 | Gauntlet | Found a transporter.
 15508 | Gauntlet | Found a transporter.
 15510 | Gauntlet | Noticed a fire crab
 15617 | Gauntlet | Found a transporter.
 15619 | Gauntlet | Found a transporter.
 15628 | Gauntlet | Found a transporter.
 15644 | Gauntlet | Found a transporter.
 15646 | Gauntlet | Found a large runed translucent door.
 15647 | Gauntlet | Found a large runed translucent door.
 15648 | Gauntlet | Found a large runed translucent door.
 15648 | Gauntlet | Found a large runed translucent door.
 15648 | Gauntlet | Found a runed translucent door.
 15648 | Gauntlet | Noticed a cacodemon
 15649 | Gauntlet | Found a transporter.
 15649 | Gauntlet | Found a large runed translucent door.
 15650 | Gauntlet | Found a runed translucent door.
 15651 | Gauntlet | Found a large runed translucent door.
 15651 | Gauntlet | Found a large runed translucent door.
 15651 | Gauntlet | Found a large runed translucent door.
 15652 | Gauntlet | Found a large runed translucent door.
 15653 | Gauntlet | Found a large runed translucent door.
 15659 | Gauntlet | Found a large runed translucent door.
 15659 | Gauntlet | Found a large runed translucent door.
 15660 | Gauntlet | Found a large runed translucent door.
 15660 | Gauntlet | Found a large runed translucent door.
 15660 | Gauntlet | Found a large runed translucent door.
 15662 | Gauntlet | Found a runed translucent gate.
 15662 | Gauntlet | Found a runed translucent gate.
 15662 | Gauntlet | Found a runed translucent gate.
 15663 | Gauntlet | Noticed a death scarab
 15663 | Gauntlet | Reached **** piety under the Shining One
 15664 | Gauntlet | Found a transporter.
 15665 | Gauntlet | Noticed a death scarab
 15675 | Gauntlet | Found a large runed translucent door.
 15683 | Gauntlet | Found a transporter.
 15702 | Gauntlet | Found a transporter.
 15708 | Gauntlet | Noticed a green death
 15731 | Gauntlet | Found a transporter.
 15755 | Gauntlet | Noticed a hell hog
 15759 | Gauntlet | Found a transporter.
 15764 | Gauntlet | Found a transporter.
 15785 | Gauntlet | Found a transporter.
 15793 | Gauntlet | Found a transporter.
 16527 | Gauntlet | Got an encrusted helmet
 16533 | Gauntlet | Identified the +2 helmet "Luon" {rElec} (You found it in a
                  | Gauntlet)
 16804 | Gauntlet | Killed a green death
 16832 | Gauntlet | HP: 4/83 [poisoned by a green death (blast of poison)]
 16840 | Gauntlet | HP: 4/83 [poisoned by a green death (blast of poison)]
 16848 | Gauntlet | HP: 4/83 [poisoned by a green death (blast of poison)]
 17230 | Gauntlet | Identified the +6 scale mail "Xeuk" {Int+7 SInv}
 17230 | Gauntlet | Noticed a minotaur
 17265 | Gauntlet | Killed a minotaur
 17275 | Gauntlet | Got a pair of faintly humming boots
 17286 | Gauntlet | Identified the +0 pair of boots of Minor Irritation {+Inv
                  | rPois rN+ rCorr Int-2} (You found it in a Gauntlet)
 17505 | Lair:1   | Reached XP level 13. HP: 85/88 MP: 23/23
 18618 | Lair:2   | Found a staircase to the Snake Pit.
 18771 | Lair:2   | Reached skill level 10 in Armour
 18824 | Lair:2   | Noticed Harold
 18920 | Lair:2   | Killed Harold
 19897 | Lair:3   | Noticed Urug
 19917 | Lair:3   | Killed Urug
 20716 | Lair:4   | Found a staircase to the Swamp.
 21327 | Lair:5   | Reached XP level 14. HP: 95/95 MP: 25/25
 21366 | Lair:5   | Reached skill level 15 in Invocations
 21977 | Lair:5   | Reached skill level 5 in Shields
 23351 | Lair:5   | Reached skill level 5 in Fighting
 23459 | Lair:6   | Entered Level 6 of the Lair of Beasts
 23574 | Lair:6   | Found a shadowy altar of Dithmenos.
 23585 | Lair:6   | Reached ***** piety under the Shining One
 24956 | Lair:5   | Reached XP level 15. HP: 45/108 MP: 26/26
 25204 | Lair:6   | Reached skill level 10 in Shields
 25399 | Lair:6   | Found a staircase to the Slime Pits.
 26490 | D:7      | Bought a shiny plate armour for 806 gold pieces
 27103 | D:12     | Found Ybarho Xukka's General Store.
 27191 | D:12     | Found the ring of the Hare {EV+8}
 27191 | D:12     | Found a corrupted altar of Lugonu.
 27204 | D:12     | Noticed Fannar
 27272 | D:12     | Killed Fannar
 27573 | D:12     | Found a transporter.
 27576 | D:12     | Found a transporter.
 27631 | D:12     | Noticed Psyche
 27644 | D:12     | Killed Psyche
 27663 | D:12     | Noticed Maurice
 27698 | D:12     | Killed Maurice
 27905 | D:12     | Noticed Snorg
 27923 | D:12     | Killed Snorg
 29307 | D:14     | Found an ancient bone altar of Kikubaaqudgha.
 29411 | D:14     | Found Vumiel's Armour Emporium.
 29531 | D:14     | Found a gate to the Vaults.
 29571 | D:14     | Noticed a sphinx
 29576 | D:14     | Noticed a storm dragon
 29580 | D:14     | Killed a sphinx
 29581 | D:14     | Reached XP level 16. HP: 117/120 MP: 27/27
 29589 | D:14     | Noticed a tengu reaver
 30264 | D:14     | Killed a tengu reaver
 30633 | D:14     | Killed a storm dragon
 30987 | D:15     | Entered Level 15 of the Dungeon
 31054 | D:15     | Reached skill level 10 in Fighting
 32028 | D:15     | Found a staircase to the Depths.
 32946 | Orc:1    | Entered Level 1 of the Orcish Mines
 33366 | Orc:2    | Entered Level 2 of the Orcish Mines
 33378 | Orc:2    | Reached ****** piety under the Shining One
 33444 | Orc:2    | Found a staircase to the Elven Halls.
 33804 | Orc:2    | Found Iblukk's Jewellery Emporium.
 33859 | Orc:2    | Paralysed by an orc sorcerer for 5 turns
 34817 | Orc:2    | Found Rumia's Antique Armour Shoppe.
 34899 | Orc:2    | Found Cuwekeur's Antique Weapon Shoppe.
 35038 | Orc:2    | Found Rilecs's General Store.
 35400 | Orc:2    | Bought a distressingly furry plate armour for 728 gold
                  | pieces
 35410 | Orc:2    | Identified the +16 plate armour "Egerhuof" {Rampage Regen+}
                  | (You bought it in a shop on level 2 of the Orcish Mines)
 35410 | Orc:2    | Bought a runed kite shield for 195 gold pieces
 35750 | D:12     | Noticed a quicksilver dragon
 35764 | D:12     | Killed a quicksilver dragon
 35777 | D:12     | Reached XP level 17. HP: 131/131 MP: 21/28
 36008 | Snake:1  | Entered Level 1 of the Snake Pit
 36117 | Snake:1  | Found Tuif's General Store.
 36142 | Snake:1  | Found Letazuef's Jewellery Emporium.
 36163 | Snake:1  | Found a runed translucent door.
 36336 | Snake:1  | Reached skill level 5 in Dodging
 36488 | Snake:1  | Reached skill level 15 in Shields
 37470 | Snake:2  | Noticed Vashnia
 37531 | Snake:2  | Reached skill level 1 in Throwing
 37566 | Snake:2  | Killed Vashnia
 37989 | Snake:2  | Noticed Donald
 38160 | Snake:2  | Killed Donald
 39430 | Snake:3  | Reached XP level 18. HP: 131/141 MP: 29/29
 40424 | Snake:4  | Entered Level 4 of the Snake Pit
 40445 | Snake:3  | Reached skill level 5 in Throwing
 40994 | Snake:4  | Found a runed translucent gate.
 40994 | Snake:4  | Found a runed translucent gate.
 40994 | Snake:4  | Noticed Yveapn's ghost (adept MiFi)
 40996 | Snake:4  | Found a runed translucent gate.
 40996 | Snake:4  | Noticed Icun's ghost (journeyman GnWr)
 41973 | Snake:4  | Reached XP level 19. HP: 118/150 MP: 30/30
 42195 | Snake:4  | Got a serpentine rune of Zot
 43225 | Swamp:1  | Entered Level 1 of the Swamp
 43280 | Swamp:1  | Reached skill level 10 in Dodging
 45165 | Swamp:3  | Reached XP level 20. HP: 159/159 MP: 31/31
 45353 | Swamp:4  | Entered Level 4 of the Swamp
 46081 | Swamp:4  | Noticed a bone dragon
 46107 | Swamp:4  | Killed a bone dragon
 46171 | Swamp:4  | Got a decaying rune of Zot
 46678 | Orc:2    | Bought the ring "Padyr" {rN++ rCorr Str+2 Slay+3} for 760
                  | gold pieces
 46938 | Elf:1    | Entered Level 1 of the Elven Halls
 47020 | Elf:1    | Reached skill level 10 in Throwing
 47987 | Elf:2    | Reached skill level 15 in Fighting
 48163 | Elf:2    | Found a runed translucent gate.
 48169 | Elf:2    | Found a runed translucent gate.
 48170 | Elf:2    | Found a runed translucent gate.
 48742 | Elf:2    | Reached XP level 21. HP: 163/168 MP: 32/32
 49228 | Elf:3    | Entered Level 3 of the Elven Halls
 49578 | Elf:3    | Identified Nianihie's Incunabulum of the Volcanoes
 50758 | Elf:3    | Noticed a Brimstone Fiend
 50881 | Elf:2    | Reached skill level 15 in Armour
 51046 | Elf:3    | Identified the amulet "Idiaz" {Acrobat rPois rF+ Int+3}
 51454 | Elf:3    | Identified the Compendium of Unholy Rites and Lightness
 51461 | Elf:3    | Identified Asmodeus's Handbook of Flames and Companions
 52049 | D:12     | Bought the +2 pair of boots of Kikubaaqudgha's Envy {rPois
                  | Regen+ Str+2} for 448 gold pieces
 52313 | Vaults:1 | Entered Level 1 of the Vaults
 52407 | Vaults:1 | Reached skill level 1 in Evocations
 52480 | Vaults:1 | Reached XP level 22. HP: 176/176 MP: 28/33
 53113 | Vaults:1 | Reached skill level 5 in Evocations
 53962 | Vaults:2 | Found a large runed translucent door.
 53962 | Vaults:2 | Found a large runed translucent door.
 53962 | Vaults:2 | Noticed Angmar's ghost (veteran DrAE)
 53963 | Vaults:2 | Identified the +1 great mace of Defilement {vorpal, *Drain
                  | +Fly rPois}
 53963 | Vaults:2 | Identified the +2 long sword "Orucsaim" {flame, +Inv Will-
                  | Int+4}
 54361 | Vaults:2 | Reached skill level 10 in Evocations
 54607 | Vaults:2 | Found Maotsull's Magic Scroll Shoppe.
 54943 | Vaults:2 | Found a staircase to the Crypt.
 54943 | Vaults:2 | Found a basalt altar of Yredelemnul.
 54943 | Vaults:2 | Found an ancient bone altar of Kikubaaqudgha.
 55534 | Vaults:2 | Got a fading scale mail
 55535 | Vaults:2 | Identified the +2 scale mail of the Tarantula {rElec rN++
                  | Regen+ Int-2} (You found it on level 2 of the Vaults)
 55571 | Vaults:2 | Bought a scroll of acquirement for 988 gold pieces
 55572 | Vaults:2 | Acquired the +7 double sword "Kech" {vorpal, rElec Will+
                  | SInv}
 56055 | Snake:4  | Killed Yveapn's ghost
 56064 | Snake:4  | Killed Icun's ghost
 56588 | Vaults:3 | Reached XP level 23. HP: 183/183 MP: 35/35
 56623 | Vaults:3 | Noticed Bai Suzhen
 56632 | Vaults:3 | Killed Bai Suzhen
 56777 | Vaults:3 | Got a crude steel ring
 56779 | Vaults:3 | Identified the ring of Yroiw {rPois rN+ AC+4 Str+4} (You
                  | found it on level 3 of the Vaults)
 56867 | Vaults:3 | Got a dazzling scale mail
 57172 | Vaults:3 | Found a roughly hewn altar of Beogh.
 57761 | Vaults:3 | Found a large runed translucent door.
 57762 | Vaults:3 | Found a large runed translucent door.
 57762 | Vaults:3 | Noticed Tewud's ghost (journeyman FeIE)
 57955 | Vaults:3 | Identified the +1 scale mail "Cicinol" {rN+ Regen+ Dex-5
                  | SInv} (You found it on level 3 of the Vaults)
 58036 | Vaults:4 | Noticed Sojobo
 58043 | Vaults:4 | Identified the +7 dagger "Bingo" {vorpal, rElec rC+}
 58646 | Vaults:4 | Killed Sojobo
 59204 | Vaults:4 | Reached XP level 24. HP: 197/197 MP: 35/35
 60156 | Depths:1 | Entered Level 1 of the Depths
 60233 | Depths:1 | Noticed Aizul
 60249 | Depths:1 | Killed Aizul
 60335 | Depths:1 | Noticed Asterion
 60346 | Depths:1 | Killed Asterion
 60549 | Depths:1 | Found a gateway to Hell.
 60551 | Depths:1 | Noticed Nikola
 60566 | Depths:1 | Killed Nikola
 61120 | Depths:2 | Found a gateway to a ziggurat.
 61223 | Depths:2 | Gained mutation: Your spells are a little harder to cast,
                  | but a little more powerful. [a shining eye]
 61229 | Depths:2 | Noticed a juggernaut
 61239 | Depths:2 | Killed a juggernaut
 61331 | Depths:2 | Got an iridescent eveningstar
 61332 | Depths:2 | Identified the +7 eveningstar "Spiderslayer" {protect,
                  | Str+3} (You found it on level 2 of the Depths)
 61461 | Depths:2 | Got a faintly humming leather armour
 61462 | Depths:2 | Identified the +0 leather armour of the Cartwright {rN+
                  | Str+5} (You found it on level 2 of the Depths)
 61479 | Depths:2 | Noticed a juggernaut
 61496 | Depths:2 | Killed a juggernaut
 61706 | Depths:2 | Got an ancient ruby amulet
 62029 | Depths:2 | Found a one-way gate to the infinite horrors of the Abyss.
 62049 | Depths:2 | Found Imaumuv's Distillery.
 62351 | Depths:2 | Found Ikuliuj's Antique Armour Shoppe.
 62491 | Depths:2 | Found Naxkelai's Book Shoppe.
 62672 | Depths:2 | Reached XP level 25. HP: 210/210 MP: 36/36
 62947 | Depths:2 | Identified the Catalogue of the Noxious Voyage
 62999 | Depths:2 | Found Idena's Distillery.
 63012 | Depths:2 | Found Elisiwon's General Store.
 63046 | Depths:2 | Identified the amulet of Jist {Reflect rF+ SH+5} (You found
                  | it on level 2 of the Depths)
 63777 | Depths:3 | Found a one-way gate leading to the halls of Pandemonium.
 63862 | Depths:3 | Got a pitted chain mail
 63863 | Depths:3 | Identified the +8 chain mail "Lonenog" {MP+9 Str+2 Stlth+}
                  | (You found it on level 3 of the Depths)
 63866 | Depths:3 | Got a twisted leather armour
 63867 | Depths:3 | Identified the +0 leather armour of Mecod {Harm *Drain
                  | Regen+ Slay+4} (You found it on level 3 of the Depths)
 64023 | Depths:3 | Found a corrupted altar of Lugonu.
 64829 | Depths:4 | Found Rebozam's Weapon Shoppe.
 65068 | Depths:4 | Found a runed door.
 65190 | Depths:4 | Noticed an ancient lich
 65197 | Depths:4 | Killed an ancient lich
 65211 | Depths:4 | Identified the Collected Works on Quantum Clay
 65252 | Depths:4 | Got a fine copper amulet
 65253 | Depths:4 | Identified the amulet "Vacadil" {rPois Regen+ Dex+4 Stlth+}
                  | (You found it on level 4 of the Depths)
 65486 | Depths:4 | Got a polished cloak
 65497 | Depths:4 | Identified the +3 cloak "Iriff" {rF++} (You found it on
                  | level 4 of the Depths)
 66048 | Depths:5 | Entered Level 5 of the Depths
 66171 | Depths:5 | Identified the +6 trident "Jelly's Foe" {antimagic, rElec
                  | rF++ Dex-3 Stlth-}
 66174 | Depths:5 | Noticed a caustic shrike
 66187 | Depths:5 | Killed a caustic shrike
 66188 | Depths:5 | Reached XP level 26. HP: 109/218 MP: 35/37
 66649 | Depths:5 | Identified the +1 plate armour "Ahaor" {-Tele +Inv rN+
                  | Int+7}
 67280 | Depths:5 | Found a gate to the Realm of Zot.
 68868 | Lair:1   | Acquired the ring "Xatutot" {rPois rF- rC+ Str+5 Int+3}
 68869 | Lair:1   | Acquired the +15 Maxwell's patent armour {-Cast -Tele rElec
                  | Will+ rCorr}
 68870 | Lair:1   | Found the +15 Maxwell's patent armour {-Cast -Tele rElec
                  | Will+ rCorr}
 69055 | Slime:1  | Entered Level 1 of the Pits of Slime
 69163 | Slime:1  | Gained mutation: Scrolls take you a little longer to read.
                  | [a shining eye]
 70255 | Slime:3  | Noticed Dissolution
 70280 | Slime:2  | Reached XP level 27. HP: 206/224 MP: 30/37
 70304 | Slime:3  | Gained mutation: You are frail. (-10% HP) [a shining eye]
 70307 | Slime:2  | Gained mutation: Your magical capacity is low. (-10% MP) [a
                  | shining eye]
 70310 | Slime:3  | Gained mutation: You occasionally shout uncontrollably at
                  | your foes. [a shining eye]
 70319 | Slime:3  | Gained mutation: Your magical capacity is very low. (-20%
                  | MP) [a shining eye]
 70321 | Slime:3  | Killed Dissolution
 70321 | Slime:3  | Gained mutation: You are very frail. (-20% HP) [a shining
                  | eye]
 71170 | Slime:4  | Lost mutation: Your muscles are very strong. (Str +4) [a
                  | shining eye]
 71178 | Slime:3  | Reached skill level 15 in Throwing
 71581 | Slime:5  | Entered Level 5 of the Pits of Slime
 71662 | Slime:5  | Noticed the Royal Jelly
 71864 | Slime:5  | Gained mutation: Armour fits poorly on your strangely
                  | shaped body. [a shining eye]
 71884 | Slime:4  | Gained mutation: Scrolls take you longer to read. [a
                  | shining eye]
 72292 | Slime:5  | Gained mutation: You are extremely frail. (-30% HP) [a
                  | shining eye]
 72294 | Slime:5  | Lost mutation: Your muscles are strong. (Str +2) [a shining
                  | eye]
 72298 | Slime:5  | Paralysed by a great orb of eyes for 4 turns
 72864 | Lair:1   | Lost mutation: Your magical capacity is very low. (-20% MP)
                  | [potion of mutation]
 72864 | Lair:1   | Lost mutation: Scrolls take you longer to read. [potion of
                  | mutation]
 72864 | Lair:1   | Gained mutation: Your mind is acute. (Int +2) [potion of
                  | mutation]
 72865 | Lair:1   | Lost mutation: Your mind is acute. (Int +2) [potion of
                  | mutation]
 72865 | Lair:1   | Lost mutation: You are extremely frail. (-30% HP) [potion
                  | of mutation]
 72865 | Lair:1   | Gained mutation: You sometimes yell uncontrollably at your
                  | foes. [potion of mutation]
 72865 | Lair:1   | Gained mutation: Your muscles are strong. (Str +2) [potion
                  | of mutation]
 72866 | Lair:1   | Lost mutation: You sometimes yell uncontrollably at your
                  | foes. [potion of mutation]
 72866 | Lair:1   | Lost mutation: Your magical capacity is low. (-10% MP)
                  | [potion of mutation]
 72866 | Lair:1   | Gained mutation: You are surrounded by a mild repulsion
                  | field. (EV +2) [potion of mutation]
 72867 | Lair:1   | Lost mutation: Armour fits poorly on your strangely shaped
                  | body. [potion of mutation]
 72867 | Lair:1   | Lost mutation: You are very frail. (-20% HP) [potion of
                  | mutation]
 72867 | Lair:1   | Gained mutation: You have a pair of small horns on your
                  | head. [potion of mutation]
 72867 | Lair:1   | Lost mutation: You are frail. (-10% HP) [potion of
                  | mutation]
 72867 | Lair:1   | Gained mutation: You have an increased reservoir of magic.
                  | (+10% MP) [potion of mutation]
 72943 | Lair:1   | Lost mutation: You occasionally shout uncontrollably at
                  | your foes. [potion of mutation]
 72943 | Lair:1   | Lost mutation: Your muscles are strong. (Str +2) [potion of
                  | mutation]
 72943 | Lair:1   | Lost mutation: Scrolls take you a little longer to read.
                  | [potion of mutation]
 72943 | Lair:1   | Gained mutation: You are strong-willed. (Will+) [potion of
                  | mutation]
 72943 | Lair:1   | Gained mutation: You are agile. (Dex +2) [potion of
                  | mutation]
 72943 | Lair:1   | Gained mutation: You are partially covered in yellow
                  | scales. (AC +2) [potion of mutation]
 72943 | Lair:1   | Gained mutation: You have supernaturally acute eyesight.
                  | (SInv) [potion of mutation]
 73185 | Slime:5  | Killed the Royal Jelly
 73232 | Slime:5  | Got a translucent bronze ring
 73302 | Slime:5  | Got a bound graven amulet
 73306 | Slime:5  | Got a slimy rune of Zot
 73376 | Slime:5  | Identified the ring "Tosuuru" {rN+ Str+6} (You found it on
                  | level 5 of the Pits of Slime)
 73377 | Slime:5  | Identified the amulet "Gofem" {Faith Int-3 Dex+7 SInv
                  | Stlth+} (You found it on level 5 of the Pits of Slime)
 73660 | Lair:1   | Acquired a manual of Throwing
 74096 | Lair:1   | Upgraded the game from 0.27-a0-328-g7f782ed93a to
                  | 0.27-a0-333-gfa571bf19a
 74361 | Zot:1    | Entered Level 1 of the Realm of Zot
 74845 | Zot:1    | Noticed an orb of fire
 74866 | Zot:1    | Gained mutation: Armour fits poorly on your strangely
                  | shaped body. [an orb of fire]
 75257 | Lair:1   | Acquired a manual of Shields
 75261 | Lair:1   | Acquired a manual of Ice Magic
 75263 | Lair:1   | Acquired a +0 pair of gloves of dexterity
 75535 | Depths:2 | Voluntarily entered the Abyss.
 75535 | Abyss:1  | Found a corrupted altar of Lugonu.
 75551 | Abyss:1  | Found a transporter.
 75560 | Abyss:1  | Paralysed by accursed screaming for 1 turns
 75567 | Abyss:1  | Paralysed by accursed screaming for 1 turns
 75656 | Abyss:1  | Found a transporter.
 75659 | Abyss:1  | Got a crude graven amulet
 75759 | Abyss:1  | Identified the amulet of Pausie {Acrobat rPois Str+2
                  | Slay+2} (You found it on level 1 of the Abyss)
 75930 | Depths:2 | Escaped the Abyss
 76328 | D:7      | Bought a runed hat for 217 gold pieces
 76744 | Depths:2 | Voluntarily entered the Abyss.
 77131 | Abyss:1  | Paralysed by accursed screaming for 1 turns
 77857 | Depths:2 | Escaped the Abyss
 77859 | Depths:2 | Voluntarily entered the Abyss.
 77898 | Abyss:1  | Lost mutation: You have an increased reservoir of magic.
                  | (+10% MP) [a neqoxec]
 77946 | Abyss:1  | Gained mutation: You are dopey. (Int -2) [a neqoxec]
 77947 | Abyss:1  | Gained mutation: Your body sometimes deteriorates upon
                  | taking damage. [a neqoxec]
 77998 | Abyss:1  | Found a corrupted altar of Lugonu.
 78090 | Abyss:1  | Found a sparkling altar of Nemelex Xobeh.
 78556 | Abyss:1  | Gained mutation: You occasionally shout uncontrollably at
                  | your foes. [a neqoxec]
 78573 | Abyss:2  | Found a corrupted altar of Lugonu.
 78965 | Abyss:4  | Paralysed by accursed screaming for 1 turns
 79025 | Abyss:4  | Gained mutation: You tend to lose your temper in combat. [a
                  | neqoxec]
 79043 | Abyss:4  | Lost mutation: You are agile. (Dex +2) [a neqoxec]
 79101 | Abyss:4  | Paralysed by accursed screaming for 1 turns
 79120 | Abyss:4  | Paralysed by accursed screaming for 1 turns
 79374 | Abyss:4  | Paralysed by accursed screaming for 1 turns
 79447 | Abyss:4  | Gained mutation: You are clumsy. (Dex -2) [a cacodemon]
 79484 | Abyss:4  | Gained mutation: You are weak. (Str -2) [a cacodemon]
 79554 | Abyss:5  | Entered Level 5 of the Abyss
 79636 | Abyss:5  | Found a corrupted altar of Lugonu.
 79641 | Abyss:5  | Got an abyssal rune of Zot
 79920 | Depths:2 | Escaped the Abyss
 80180 | Lair:1   | Lost mutation: You tend to lose your temper in combat.
                  | [potion of mutation]
 80180 | Lair:1   | Lost mutation: You are very weak. (Str -4) [potion of
                  | mutation]
 80180 | Lair:1   | Lost mutation: You are strong-willed. (Will+) [potion of
                  | mutation]
 80180 | Lair:1   | Gained mutation: You are robust. (+10% HP) [potion of
                  | mutation]
 80435 | Depths:2 | Bought a potion of mutation for 184 gold pieces
 80435 | Depths:2 | Lost mutation: You have a pair of small horns on your head.
                  | [potion of mutation]
 80435 | Depths:2 | Lost mutation: You occasionally shout uncontrollably at
                  | your foes. [potion of mutation]
 80435 | Depths:2 | Gained mutation: Your system is resistant to poisons.
                  | (rPois) [potion of mutation]
 80963 | Zot:1    | Gained mutation: You are very clumsy. (Dex -4) [an orb of
                  | fire]
 80982 | Zot:1    | Killed an orb of fire
 81646 | Zot:1    | Reached skill level 15 in Dodging
 84396 | Zot:4    | Noticed a Killer Klown
 84397 | Zot:4    | a Killer Klown changed into a golden dragon
 84633 | Zot:4    | Noticed a Killer Klown
 84646 | Zot:4    | Killed a Killer Klown
 84752 | Zot:5    | Entered Level 5 of the Realm of Zot
 84816 | Zot:4    | Got an encrusted arbalest
 84817 | Zot:4    | Identified the +3 arbalest of the Hawk {elec, *Corrode +Inv
                  | rF+++ Will++} (You found it on level 4 of the Realm of Zot)
 85018 | Zot:5    | Noticed an orb of fire
 85427 | Zot:5    | Found a runed translucent gate.
 85428 | Zot:5    | Found a runed translucent gate.
 85428 | Zot:5    | Found a runed translucent gate.
 85428 | Zot:5    | Found an opulent altar of Gozag.
 85428 | Zot:5    | Noticed Numknucks's ghost (legendary TrWz)
 85687 | Zot:5    | Noticed an ancient lich
 85702 | Zot:5    | Killed an ancient lich
 85745 | Zot:5    | Noticed an orb of fire
 85751 | Zot:5    | Lost mutation: You have supernaturally acute eyesight.
                  | (SInv) [an orb of fire]
 85751 | Zot:5    | Noticed an orb of fire
 85753 | Zot:5    | Gained mutation: You are very dopey. (Int -4) [an orb of
                  | fire]
 85804 | Zot:5    | Gained mutation: You do not regenerate when monsters are
                  | visible. [an orb of fire]
 85808 | Zot:5    | Killed an orb of fire
 85818 | Zot:5    | Gained mutation: You are weak. (Str -2) [an orb of fire]
 85827 | Zot:5    | Lost mutation: You are weak. (Str -2) [an orb of fire]
 85828 | Zot:5    | Killed an orb of fire
 86105 | Zot:5    | Noticed an orb of fire
 86118 | Zot:5    | Noticed a Killer Klown
 86119 | Zot:5    | Gained mutation: Your body often deteriorates upon taking
                  | damage. [an orb of fire]
 86120 | Zot:5    | Gained mutation: Your magical capacity is low. (-10% MP)
                  | [an orb of fire]
 86127 | Zot:5    | Noticed an ancient lich
 86133 | Zot:5    | Gained mutation: You occasionally shout uncontrollably at
                  | your foes. [an orb of fire]
 86134 | Zot:5    | Gained mutation: Scrolls take you a little longer to read.
                  | [an orb of fire]
 86136 | Zot:5    | Killed an orb of fire
 86146 | Zot:5    | Killed an ancient lich
 86204 | Zot:5    | Killed a Killer Klown
 86497 | Zot:5    | Noticed an orb of fire
 86498 | Zot:5    | Noticed an orb of fire
 86499 | Zot:5    | Noticed a Killer Klown
 86499 | Zot:5    | Noticed an ancient lich
 86508 | Zot:5    | Lost mutation: You are robust. (+10% HP) [an orb of fire]
 86512 | Zot:5    | Lost mutation: Your spells are a little harder to cast, but
                  | a little more powerful. [an orb of fire]
 86517 | Zot:5    | Noticed an ancient lich
 86518 | Zot:5    | Noticed an orb of fire
 86518 | Zot:5    | Gained mutation: Scrolls take you longer to read. [an orb
                  | of fire]
 86520 | Zot:5    | Gained mutation: Your magical capacity is very low. (-20%
                  | MP) [an orb of fire]
 86598 | Zot:5    | Killed an orb of fire
 86707 | Zot:5    | Noticed an orb of fire
 86718 | Zot:5    | Gained mutation: Potions are less effective at restoring
                  | your health. [an orb of fire]
 86730 | Zot:5    | Killed an orb of fire
 86993 | Zot:5    | Noticed an orb of fire
 87000 | Zot:5    | Gained mutation: Scrolls take you much longer to read. [an
                  | orb of fire]
 87013 | Zot:5    | Gained mutation: Your spells are a little easier to cast,
                  | but a little less powerful. [an orb of fire]
 87017 | Zot:5    | Gained mutation: You tend to lose your temper in combat.
                  | [an orb of fire]
 87017 | Zot:5    | Gained mutation: Your spells are easier to cast, but less
                  | powerful. [an orb of fire]
 87018 | Zot:5    | Killed an orb of fire
 87143 | Zot:5    | Killed an orb of fire
 87176 | Zot:5    | Killed a Killer Klown
 87191 | Zot:5    | Noticed an orb of fire
 87211 | Zot:5    | Gained mutation: You sometimes yell uncontrollably at your
                  | foes. [an orb of fire]
 87212 | Zot:5    | Killed an orb of fire
 87473 | Zot:5    | Killed an ancient lich
 87479 | Zot:5    | Gained mutation: Your magical capacity is extremely low.
                  | (-30% MP) [an orb of fire]
 87504 | Zot:5    | Killed an orb of fire
 87505 | Zot:5    | Killed an ancient lich
 87726 | Zot:5    | Lost mutation: You are very clumsy. (Dex -4) [potion of
                  | mutation]
 87726 | Zot:5    | Lost mutation: Your system is resistant to poisons. (rPois)
                  | [potion of mutation]
 87726 | Zot:5    | Lost mutation: You sometimes yell uncontrollably at your
                  | foes. [potion of mutation]
 87726 | Zot:5    | Gained mutation: You are resistant to electric shocks.
                  | (rElec) [potion of mutation]
 88146 | Vaults:2 | Killed Angmar's ghost
 88273 | Vaults:3 | Killed Tewud's ghost
 88911 | Vaults:2 | Bought a scroll of blinking for 142 gold pieces
 88969 | Vaults:5 | Entered Level 5 of the Vaults
 88969 | Vaults:5 | Noticed Xtahua
 88985 | Vaults:5 | Killed Xtahua
 89131 | Vaults:5 | Noticed Frederick
 89155 | Vaults:5 | Killed Frederick
 89156 | Vaults:5 | Reached skill level 27 in Invocations
 89576 | Vaults:5 | Noticed an ancient lich
 89582 | Vaults:5 | Noticed a dread lich
 89582 | Vaults:5 | Identified the amulet "Baecoog" {Faith rPois rF+ MP-9
                  | Stlth+}
 89587 | Vaults:5 | Killed an ancient lich
 89589 | Vaults:5 | Gained mutation: You sometimes yell uncontrollably at your
                  | foes. [a neqoxec]
 89592 | Vaults:5 | Killed a dread lich
 89599 | Vaults:5 | Noticed a dread lich
 89631 | Vaults:5 | Killed a dread lich
 89809 | Vaults:5 | Identified the +10 spear of Disharmony {elec, rPois Str+2
                  | Dex+4}
 89809 | Vaults:5 | Identified the +1 robe of Instinct {rPois Str+4}
 90049 | Vaults:5 | Identified Qyocid's Papyrus of the Entourage and the
                  | Glacier
 90415 | Vaults:5 | Noticed Jory
 90432 | Vaults:5 | Killed Jory
 90941 | Vaults:5 | Got a silver rune of Zot
 90949 | Vaults:5 | Lost mutation: You do not regenerate when monsters are
                  | visible. [potion of mutation]
 90949 | Vaults:5 | Lost mutation: You are clumsy. (Dex -2) [potion of
                  | mutation]
 90949 | Vaults:5 | Lost mutation: Your magical capacity is extremely low.
                  | (-30% MP) [potion of mutation]
 90949 | Vaults:5 | Gained mutation: Your muscles are strong. (Str +2) [potion
                  | of mutation]
 90950 | Vaults:5 | Lost mutation: You are very dopey. (Int -4) [potion of
                  | mutation]
 90950 | Vaults:5 | Lost mutation: Armour fits poorly on your strangely shaped
                  | body. [potion of mutation]
 90950 | Vaults:5 | Lost mutation: Your magical capacity is very low. (-20% MP)
                  | [potion of mutation]
 90950 | Vaults:5 | Lost mutation: Scrolls take you much longer to read.
                  | [potion of mutation]
 90950 | Vaults:5 | Gained mutation: You are robust. (+10% HP) [potion of
                  | mutation]
 90951 | Vaults:5 | Lost mutation: Scrolls take you longer to read. [potion of
                  | mutation]
 90951 | Vaults:5 | Lost mutation: You are dopey. (Int -2) [potion of mutation]
 90951 | Vaults:5 | Lost mutation: Your muscles are strong. (Str +2) [potion of
                  | mutation]
 90951 | Vaults:5 | Lost mutation: Your magical capacity is low. (-10% MP)
                  | [potion of mutation]
 90951 | Vaults:5 | Gained mutation: You evolve. [potion of mutation]
 91014 | Vaults:5 | Got an encrusted plate armour
 91017 | Vaults:5 | Identified the +4 plate armour of Leapfrog {rPois Str-4
                  | Int+2 SInv} (You found it on level 5 of the Vaults)
 91142 | Vaults:3 | Gained mutation: You expend magic power (3 MP) to
                  | strengthen your wands. [evolution]
 91592 | Crypt:1  | Entered Level 1 of the Crypt
 93314 | Crypt:2  | Acquired a manual of Crossbows
 93318 | Crypt:3  | Entered Level 3 of the Crypt
 94076 | Crypt:3  | Found a staircase to the Tomb.
 94399 | Crypt:3  | Found a basalt altar of Yredelemnul.
 95204 | Crypt:3  | Got a steaming quarterstaff
 95207 | Crypt:3  | Identified the +4 quarterstaff of Greed {drain, rN+ Int+2}
                  | (You found it on level 3 of the Crypt)
 95543 | Crypt:3  | Found the +7 great mace "Undeadhunter" {disrupt, rN+}
 96023 | Lair:1   | Lost mutation: You expend magic power (3 MP) to strengthen
                  | your wands. [potion of mutation]
 96023 | Lair:1   | Lost mutation: You tend to lose your temper in combat.
                  | [potion of mutation]
 96023 | Lair:1   | Lost mutation: You sometimes yell uncontrollably at your
                  | foes. [potion of mutation]
 96023 | Lair:1   | Lost mutation: Scrolls take you a little longer to read.
                  | [potion of mutation]
 96023 | Lair:1   | Lost mutation: Potions are less effective at restoring your
                  | health. [potion of mutation]
 96023 | Lair:1   | Gained mutation: Your muscles are strong. (Str +2) [potion
                  | of mutation]
 96224 | Hell     | Entered the Vestibule of Hell
 96224 | Hell     | Noticed Geryon
 96245 | Hell     | Killed Geryon
 96353 | Hell     | Found a gateway to the ashen valley of Gehenna.
 96435 | Hell     | Found a gateway to the decaying netherworld of Tartarus.
 96515 | Hell     | Found a gateway to the freezing wastes of Cocytus.
 96623 | Hell     | Found a gateway to the Iron City of Dis.
 96752 | Pan      | Entered Pandemonium
 97251 | Pan      | Noticed Ejihynk the pandemonium lord
 97271 | Pan      | Killed Ejihynk the pandemonium lord
 97443 | Pan      | Got a demonic rune of Zot
 97822 | Pan      | Noticed Doem the pandemonium lord
 97827 | Pan      | Identified a +3 eudemon blade of holy wrath (a +1 demon
                  | blade of electrocution blessed by the Shining One)
 97827 | Pan      | Received a gift from the Shining One
 97840 | Pan      | Killed Doem the pandemonium lord
 98292 | Pan      | Lost mutation: You are robust. (+10% HP) [evolution]
 98659 | Pan      | Got a dazzling battleaxe
 98660 | Pan      | Identified the +9 battleaxe of Cod Ceam {freeze, rElec
                  | Int+2} (You found it in Pandemonium)
 98788 | Pan      | Entered the realm of Cerebov.
 99178 | Pan      | Found the +6 sword of Cerebov {flame}
 99178 | Pan      | Noticed Cerebov
 99188 | Pan      | Identified the +8 mace of Valuable Assets {freeze, Str+7}
 99215 | Pan      | Killed Cerebov
 99541 | Pan      | Got a translucent lapis lazuli ring
 99566 | Pan      | Got a heavily runed lapis lazuli ring
 99609 | Pan      | Identified the Volume of Cankerous Evil
 99633 | Pan      | Got a fiery rune of Zot
 99678 | Pan      | Got a distressingly furry robe
 99679 | Pan      | Identified the +2 robe of Knowledge {rF++ Str-3} (You found
                  | it in Pandemonium)
 99727 | Pan      | Identified the ring "Nexin" {+Fly Str+6} (You found it in
                  | Pandemonium)
 99728 | Pan      | Identified the ring "Seehich" {Will+ Str+3 Int+6 SInv} (You
                  | found it in Pandemonium)
 99754 | Depths:3 | Escaped Pandemonium
100278 | Pan      | Entered Pandemonium
100525 | Pan      | Noticed Feha the pandemonium lord
100545 | Pan      | Killed Feha the pandemonium lord
100715 | Pan      | Gained mutation: Your mind is acute. (Int +2) [a cacodemon]
100852 | Pan      | Found an exit through the horrors of the Abyss.
100901 | Pan      | Gained mutation: You are clumsy. (Dex -2) [a neqoxec]
101437 | Pan      | Got an encrusted falchion
101438 | Pan      | Identified the +9 falchion of Bookirok {vorpal, *Corrode
                  | Dex+3 SInv} (You found it in Pandemonium)
101473 | Depths:3 | Escaped Pandemonium
101980 | Pan      | Entered Pandemonium
102419 | Pan      | Reached skill level 27 in Fighting
102420 | Pan      | Noticed Pibb the pandemonium lord
102424 | Pan      | Killed Pibb the pandemonium lord
102732 | Pan      | Found an exit through the horrors of the Abyss.
103332 | Pan      | Noticed Ypibryti the pandemonium lord
103339 | Pan      | Killed Ypibryti the pandemonium lord
104456 | Pan      | Found an exit through the horrors of the Abyss.
105349 | Pan      | Noticed Caump the pandemonium lord
105371 | Pan      | Killed Caump the pandemonium lord
105703 | Pan      | Got an ivory broad axe
105709 | Pan      | Identified the ring "Zyop" {rF+ rC++}
105753 | Pan      | Noticed Acuohiah the pandemonium lord
105763 | Pan      | Killed Acuohiah the pandemonium lord
105818 | Pan      | Found an exit through the horrors of the Abyss.
106331 | Pan      | Identified the +4 broad axe of Moral Flaws {vamp, Fragile
                  | +Rage Dex+5 Stlth+} (You found it in Pandemonium)
106337 | Pan      | Acquired the +7 double sword of Analysis {vorpal, *Corrode
                  | rElec rC+ Str+7}
106397 | Depths:3 | Escaped Pandemonium
106837 | D:4      | Bought a scroll of enchant armour for 105 gold pieces
106837 | D:4      | Bought a scroll of enchant armour for 105 gold pieces
106837 | D:4      | Bought a scroll of enchant armour for 105 gold pieces
107286 | Pan      | Entered Pandemonium
107400 | Pan      | Got a faintly humming chain mail
107505 | Pan      | Found an exit through the horrors of the Abyss.
107583 | Pan      | Noticed Besmeh the pandemonium lord
107600 | Pan      | Killed Besmeh the pandemonium lord
107905 | Pan      | Identified the +5 chain mail "Lapsovve" {rF+++ rC- Str+2
                  | Dex-3} (You found it in Pandemonium)
107924 | Pan      | Entered the realm of Gloorx Vloq.
108245 | Pan      | Found an exit through the horrors of the Abyss.
108632 | Pan      | Noticed Gloorx Vloq
108647 | Pan      | Killed Gloorx Vloq
108813 | Pan      | Got a dark rune of Zot
108930 | Pan      | Gained mutation: Your spells are much easier to cast, but
                  | much less powerful. [a neqoxec]
108932 | Pan      | Lost mutation: Your muscles are strong. (Str +2) [a
                  | neqoxec]
108933 | Pan      | Noticed Wintuh the pandemonium lord
108937 | Pan      | Identified the +7 tower shield "Suhiodgh" {rN+}
108943 | Pan      | Killed Wintuh the pandemonium lord
109251 | Pan      | Found an exit through the horrors of the Abyss.
109528 | Pan      | Gained mutation: You are frail. (-10% HP) [a neqoxec]
109665 | Pan      | Got an amber-encrusted leather armour
109666 | Pan      | Identified the +2 leather armour of Betou {rCorr Str+5}
                  | (You found it in Pandemonium)
109718 | Pan      | Got a translucent arbalest
109719 | Pan      | Identified the +6 arbalest "Concordance" {vorpal, rElec
                  | Will+ Dex-5} (You found it in Pandemonium)
109743 | Pan      | Entered the realm of Lom Lobon.
110534 | Pan      | Noticed Lom Lobon
110558 | Pan      | Killed Lom Lobon
110595 | Pan      | Got a magical rune of Zot
110805 | Pan      | Got a fine scale mail
110806 | Pan      | Identified the +2 scale mail of Green Lucidity {Rampage rC+
                  | rCorr Stlth-} (You found it in Pandemonium)
110836 | Pan      | Noticed Yzeu the pandemonium lord
110844 | Pan      | Killed Yzeu the pandemonium lord
111145 | Pan      | Gained mutation: You sometimes yell uncontrollably at your
                  | foes. [a neqoxec]
111621 | Pan      | Found an exit through the horrors of the Abyss.
111847 | Depths:3 | Escaped Pandemonium
112362 | Pan      | Entered Pandemonium
112652 | Pan      | Found an exit through the horrors of the Abyss.
113004 | Pan      | Found an exit through the horrors of the Abyss.
113334 | Pan      | Noticed Yntuor Asego the pandemonium lord
113347 | Pan      | Killed Yntuor Asego the pandemonium lord
113811 | Pan      | Entered the realm of Mnoleg.
113896 | Pan      | Gained mutation: Scrolls take you a little longer to read.
                  | [a cacodemon]
114038 | Pan      | Lost mutation: Your mind is acute. (Int +2) [a cacodemon]
114210 | Pan      | Noticed Mnoleg
114215 | Pan      | Gained mutation: Scrolls take you longer to read. [a
                  | cacodemon]
114227 | Pan      | Killed Mnoleg
114239 | Pan      | Gained mutation: You tend to lose your temper in combat. [a
                  | cacodemon]
114274 | Pan      | Gained mutation: Your magical capacity is low. (-10% MP) [a
                  | cacodemon]
114300 | Pan      | Got a glowing rune of Zot
114373 | Pan      | Gained mutation: You frequently scream uncontrollably at
                  | your foes. [a neqoxec]
114914 | Pan      | Noticed Xaqyaq the pandemonium lord
114943 | Pan      | Killed Xaqyaq the pandemonium lord
115180 | Pan      | Found an exit through the horrors of the Abyss.
115434 | Pan      | Found an exit through the horrors of the Abyss.
115484 | Pan      | Upgraded the game from 0.27-a0-333-gfa571bf19a to
                  | 0.27-a0-346-ga689d4a613
115698 | Pan      | Noticed Asun the pandemonium lord
115711 | Pan      | Killed Asun the pandemonium lord
116465 | Pan      | Noticed Qidycub the pandemonium lord
116488 | Pan      | Killed Qidycub the pandemonium lord
116497 | Pan      | Found an exit through the horrors of the Abyss.
116642 | Pan      | Reached skill level 15 in Long Blades
116659 | Pan      | Gained mutation: You do not regenerate when monsters are
                  | visible. [a neqoxec]
116663 | Pan      | Gained mutation: You are weak. (Str -2) [a neqoxec]
117532 | Pan      | Noticed Keoget the pandemonium lord
117546 | Pan      | Killed Keoget the pandemonium lord
117614 | Pan      | Identified Sif Muna's Disquisition on Damaging Displacement
117854 | Pan      | Got a masterwork whip
118005 | Pan      | Identified the Grimoire of Stones
118234 | Pan      | Identified the +5 whip of Doubt {protect, rPois rN+} (You
                  | found it in Pandemonium)
118292 | Pan      | Gained mutation: You are dopey. (Int -2) [a neqoxec]
118531 | Pan      | Noticed Zujuntif the pandemonium lord
118550 | Pan      | Killed Zujuntif the pandemonium lord
118599 | Pan      | Lost mutation: You are clumsy. (Dex -2) [evolution]
118847 | Pan      | Identified Syhuikk's Almanac of Floating Damage Dealing
119228 | Pan      | Found an exit through the horrors of the Abyss.
119447 | Pan      | Gained mutation: Armour fits poorly on your strangely
                  | shaped body. [a neqoxec]
119448 | Pan      | Gained mutation: Scrolls take you much longer to read. [a
                  | neqoxec]
120316 | Pan      | Noticed Apimitil the pandemonium lord
120338 | Pan      | Killed Apimitil the pandemonium lord
120583 | Pan      | Found an exit through the horrors of the Abyss.
120688 | Pan      | Noticed Denk the pandemonium lord
120699 | Pan      | Killed Denk the pandemonium lord
120720 | Pan      | Gained mutation: Your magical capacity is very low. (-20%
                  | MP) [a neqoxec]
121000 | Pan      | Found a runed translucent door.
121307 | Pan      | Found an exit through the horrors of the Abyss.
121385 | Pan      | Reached skill level 15 in Evocations
121825 | Pan      | Got a dazzling hand crossbow
121949 | Pan      | HP: 6/224 [daeva/divine providence (15)]
121960 | Pan      | Killed from afar by a daeva

Illustrated notes

Levels and vault maps discovered:
D:1:      sevenhm_arrival_forest_fort_small_4, layout_loops_ring,
          minmay_tiny_reverse_x
D:2:      layout_basic, nicolae_ru_sacrificial_ziggurat, old_standard_altar,
          nicolae_overflow_crystal_walls, tgw_kikubaaqudgha, uniq_terence,
          uniq_jessica
D:3:      layout_rooms, old_standard_altar
D:4:      layout_rooms, portal_sewer_entry_b, kennysheep_small_square,
          uniq_grinder
D:5:      layout_loops_ring, basic_altar
D:6:      layout_loops_cross, vehumet_altar_wand_db,
          minmay_temple_entry_stoned_glass, uniq_crazy_yiuf_cottage,
          uniq_eustachio
D:7:      layout_loops_cross, serial_shops, shop, serial_co_window_serial,
          co_window_corner_a, co_window_of_opportunity_a, co_window_corner_a,
          co_window_paths_a, co_window_cross_1, co_window_broadway_a,
          co_window_broadway_b, co_window_of_opportunity_b, co_window_4corner_b,
          glass_columns_a
D:8:      layout_layer_cave, lemuel_doored_altar, introduction_to_nature_2,
          uniq_grum, uniq_joseph, uniq_maggie, uniq_gastronok
D:9:      layout_long_grid, david_orc_2
D:10:     layout_basic
D:11:     layout_small_grid, erik_lair_dragon, grunt_ministairs_5,
          hangedman_pestilent_swarm, uniq_sonja, uniq_erolcha
D:12:     gammafunk_corrupted_shrine, layout_basic, serial_shops, shop,
          uniq_snorg, uniq_fannar, uniq_maurice, uniq_psyche
D:13:     layout_cave_pools
D:14:     minmay_glassy_protrusions, layout_basic, ximxim_vaults_locker_room,
          lemuel_altar_in_water, serial_shops, shop
D:15:     grunt_enter_depths_hoard, layout_irregular_city, minivault_14,
          minmay_misc_feat_doors
Temple:   nicolae_temple_elliptical
Lair:1:   layout_chaotic_city, gauntlet_entry_generic,
          nicolae_lair_grove_arrangements, serial_bayou_crossing
Lair:2:   layout_chaotic_city, minmay_snake_entry_six_corridors,
          chequers_serial_rivers_micro_c, serial_bayou_shore_a, uniq_harold
Lair:3:   layout_roguey, grunt_megastairs_2, uniq_urug
Lair:4:   layout_long_grid, minmay_swamp_entry_swarm, serial_bayou_ford_a,
          grunt_megastairs_5
Lair:5:   layout_regular_city, st_stairs_12, nicolae_quartered_pool_medium,
          dpeg_oklob_1
Lair:6:   grunt_lair_end_beastmaster, layout_regular_city,
          dpeg_slime_entry_corner, lemuel_oklob_altar, lemuel_fruit_fields
Swamp:1:  layout_falls_marsh, serial_swamp_ruin, evilmike_swamp_ruin_house_3,
          evilmike_swamp_ruin_house_1
Swamp:2:  cheibrodos_swamp_tower_of_moss, layout_falls_marsh,
          evilmike_swamp_ruin_house_4, swamp_pool1, nzn_swamp_dancing_lights,
          infiniplex_staircase_pool
Swamp:3:  layout_falls_marsh, evilmike_swamp_ruin_house_5
Swamp:4:  swamp_pestilence, layout_basic_swamp, swamp_pool3
Snake:1:  layout_onion, lightli_airlock, grunt_megastairs_1, minmay_shoptagon,
          serial_bayou_shore_b
Snake:2:  layout_grid_maze, uniq_donald, uniq_vashnia
Snake:3:  layout_chambers, grunt_ministairs_5, st_stairs_6,
          hangedman_snake_corridor_split
Snake:4:  johnstein_snake_rune_scales, layout_rooms, gammafunk_ghost_cemetery,
          grunt_ministairs_3, st_stairs_13, hangedman_snake_thin_pillar_pass,
          serial_bayou_shore_b
Slime:1:  layout_caves
Slime:2:  layout_caves
Slime:3:  layout_caves, dissolution_awaits
Slime:4:  layout_caves
Slime:5:  uniq_dissolution
Orc:1:    layout_caves
Orc:2:    grunt_orc_gardens, layout_diamond_mine, grunt_orc_garden,
          grunt_orc_garden, grunt_orc_garden, grunt_orc_garden, mines5_lemuel
Elf:1:    elf_arrival_002, layout_gridlike, kennysheep_underground_church
Elf:2:    layout_loops_ring
Elf:3:    minmay_elf_hall_spiked, layout_loops_cross, drop_trap
Vaults:1: v_misc_5, nicolae_vaults_angled_halls, nicolae_vaults_three_branches,
          v_misc_14, grunt_vaults_funnel, nicolae_vaults_little_squares_1,
          v_misc_33, grunt_vaults_focal, nicolae_vaults_twisting_passages,
          v_misc_23, v_misc_17, hangedman_vaults_maws,
          grunt_vaults_hallway_short, vaults_room_semicircle,
          layout_vaults_omnicross
Vaults:2: advil_vaults_ghost_guards, ontoclasm_vaults_ring_large,
          minmay_crypt_entry_necro_gods, vaults_room_pools,
          ontoclasm_vaults_shuriken, nicolae_vaults_an_arrangement,
          vaults_dpeg_ring, v_misc_9, vaults_mumra_hex,
          grunt_vaults_hallway_short, grunt_vaults_hallway_short,
          nicolae_vaults_asterisk, nicolae_vaults_little_ls,
          vaults_room_door_ring, layout_vaults_omnigrid, serial_shops, shop
Vaults:3: ebering_vaults_ghost_disaster_area, special_room_vaults
          [special_room_orc], hangedman_vaults_stitches, v_misc_18,
          grunt_vaults_bifocal, v_rooms_6, grunt_vaults_trifunnel,
          vaults_room_fours, v_misc_25, nicolae_vaults_ninety_degrees,
          layout_vaults_omnibox, uniq_bai_suzhen
Vaults:4: vaults_mumra_minichess, v_rooms_4, v_rooms_1, hangedman_vaults_trim,
          nicolae_vaults_alarming, ontoclasm_vaults_ring_small,
          ontoclasm_vaults_fault, vaults_standard_mumra_x,
          layout_vaults_big_room, uniq_sojobo
Vaults:5: uniq_xtahua, uniq_jory, uniq_frederick
Crypt:1:  layout_chaotic_city, st_stairs_5, grunt_crypt_arrival_webbed
Crypt:2:  layout_misc_corridors, minivault_25, palyth_stone_intersect
Crypt:3:  evilmike_haunted_forest
Depths:1: layout_forbidden_donut, hangedman_coc_ice_floe, lemuel_nasty_fountain,
          uniq_asterion, uniq_nikola, uniq_aizul
Depths:2: minmay_box_of_curves, layout_basic, enter_ziggurat_a,
          hangedman_decor_clover_reticule, pf_dread_powers_of_hell,
          serial_shops, shop, shop_statue, shop_statue, shop,
          kennysheep_little_box, abyss_entry, minmay_hollow_rounded_squares
Depths:3: wad_cavern_with_rooms, layout_gridlike, pan_entry,
          nicolae_lava_and_water, abyss_entry_flame_altar, lightli_too_deep
Depths:4: evilmike_wizard_prison, layout_cave_pools, serial_shops,
          nicolae_shop_waterfront, serial_glass, glass_columns_a,
          glass_columns_a, glass_columns_a, glass_columns_a, glass_columns_a,
          hell_entry, abyss_entry_crystal
Depths:5: hangedman_pleasuredromes, hell_entry, uniq_margery
Hell
Zot:1:    kennysheep_blocky_room, layout_misc_corridors, grunt_megastairs_4
Zot:2:    layout_cellular_growth
Zot:3:    layout_misc_corridors, grunt_megastairs_3
Zot:4:    layout_twisted_circle, st_stairs_6
Zot:5:    layout_gridlike, ebering_ghost_gozag
Pan:      grunt_pan_zigzag, layout_stronghold, grunt_pan_pentagram,
          layout_gridlike, cerebov, layout_basic, rand_demon_3,
          layout_irregular_city, nicolae_pan_mnolegish_5, reaverb_pan_squares,
          grunt_pan_zigzag, layout_grid_shapes, pan_blood_fountain_2,
          nicolae_pan_gloorx_vloqian_1, rand_demon_1, layout_gridville,
          pan_blood_fountain, pan_blood_fountain_small, rand_demon_5,
          layout_long_grid, pan_blood_fountain_small,
          nicolae_pan_gloorx_vloqian_4, nicolae_pan_sigil_itan,
          evilmike_mini_pan_doors_b, layout_gridville,
          evilmike_mini_pan_corridor, layout_pan_divisions_a
          [pan_division_quadrant_a2, pan_division_quadrant_a4,
          pan_division_quadrant_a6, pan_division_quadrant_a5,
          pan_division_octagon_box], grunt_pan_zigzag, layout_rooms,
          gloorx_vloq, layout_irregular_city, pan_blood_fountain, rand_demon_3,
          layout_gridlike, lom_lobon_grunt, layout_cellular_growth,
          nicolae_pan_hourglass, layout_basic, rand_demon_5, layout_basic,
          grunt_pan_sceptre, layout_stronghold, mnoleg_grunt, layout_gridlike,
          pan_blood_fountain, pan_blood_fountain_2, nicolae_pan_lom_lobonic_2,
          nicolae_pan_hourglass, layout_long_grid, evilmike_mini_pan_doors,
          layout_pan_divisions_a [pan_division_quadrant_a4,
          pan_division_quadrant_a3, pan_division_quadrant_a2,
          pan_division_quadrant_a5, pan_division_octagon_box],
          nicolae_pan_lom_lobonic_3, nicolae_pan_glass_arcs, layout_basic,
          pan_blood_fountain_small, nicolae_pan_sigil_itan,
          nicolae_pan_mnolegish_2, rand_demon_4, layout_irregular_city,
          nicolae_pan_cerebovesque_3, lemuel_hall_of_pain, layout_onion_city,
          evilmike_mini_pan_T, layout_rooms, pan_blood_fountain,
          pan_blood_fountain_small, nicolae_pan_sigil_itan,
          regret_index_pan_draining_boxed, layout_basic, evilmike_holy_pan

Skill      XL: |  1  2  3  4  5  6  7  8  9 10 11 12 13 14 15 16 17 18 19 20 21 22 23 24 25 26 27 |
---------------+----------------------------------------------------------------------------------+-----
Dodging        | 1 2 4 7 9 11 12 13 25 | 25.0
Long Blades    | 3 4 5 7 9 11 12 13 14 17 | 17.7
Shields        | 4 9 12 14 15 16 17 25 | 25.0
Fighting       | 4 7 9 11 12 13 14 15 17 19 20 27 | 27.0
Invocations    | 2 4 6 8 10 12 13 14 15 16 17 19 21 27 | 27.0
Armour         | 4 5 6 7 8 9 10 11 12 13 14 15 16 17 25 | 25.0
Throwing       | 4 7 9 11 12 13 20 | 20.0
Evocations     | 1 10 15 | 15.2

Action                   |  1- 3 |  4- 6 |  7- 9 | 10-12 | 13-15 | 16-18 | 19-21 | 22-24 | 25-27 || total
-------------------------+-------+-------+-------+-------+-------+-------+-------+-------+-------++-------
Melee: Long sword        |    80 |   229 |   366 |   321 |    82 |       |       |       |       ||  1078
       Falchion          |       |       |       |   458 |  1588 |  1648 |   222 |       |       ||  3916
       Scimitar          |       |       |       |       |   168 |   583 |  1388 |   506 |       ||  2645
       Dagger            |       |       |       |       |    69 |       |       |       |       ||    69
       Double sword      |       |       |       |       |       |       |       |  1017 |  5324 ||  6341
       Eudemon blade     |       |       |       |       |       |       |       |       |  3085 ||  3085
       Headbutt          |       |       |       |       |       |       |       |       |   453 ||   453
Throw: Boomerang         |       |       |       |       |     1 |       |       |     8 |     1 ||    10
       Javelin           |       |       |       |       |       |       |       |       |    27 ||    27
Invok: Divine Shield     |       |       |       |     7 |     8 |     3 |     1 |     4 |    20 ||    43
       Cleansing Flame   |       |       |       |       |       |     5 |    10 |    11 |   182 ||   208
       Summon Divine War |       |       |       |       |       |     1 |     1 |       |    30 ||    32
       Brand Weapon With |       |       |       |       |       |       |       |       |     1 ||     1
Evoke: Wand              |       |       |     2 |    11 |    12 |     1 |     5 |     2 |    21 ||    54
       Lightning rod     |       |       |       |     5 |     4 |       |       |     1 |     1 ||    11
  Use: Scroll            |       |     5 |     7 |    15 |     6 |     2 |     5 |    13 |    74 ||   127
       Potion            |       |     3 |     4 |    13 |     5 |     2 |       |       |    32 ||    59
Armor: Scale mail        |    30 |   136 |   192 |   385 |   506 |     1 |       |       |       ||  1250
       Ring mail         |    17 |    11 |       |       |       |       |       |       |       ||    28
       Skin              |       |       |       |     2 |       |       |       |       |       ||     2
       Plate armour      |       |       |       |       |   249 |   520 |   495 |   346 |  1589 ||  3199
Dodge: Dodged            |    37 |   134 |   158 |   303 |   425 |   783 |   910 |   801 |  3623 ||  7174
       Repelled          |       |       |       |       |    21 |    59 |     7 |    14 |     4 ||   105
Block: Kite shield       |    47 |   170 |   211 |   523 |   965 |  1575 |  1127 |  1241 |  6998 || 12857
       Reflection        |       |       |       |       |       |   165 |    64 |   100 |   213 ||   542
       Buckler           |       |       |       |       |       |    11 |       |       |       ||    11
       Tower shield      |       |       |       |       |       |       |       |       |  1730 ||  1730
       Rpst.: Long sword |    10 |    45 |    47 |    39 |     3 |       |       |       |       ||   144
       Falchion          |       |       |       |    43 |   106 |   107 |    12 |       |       ||   268
       Scimitar          |       |       |       |       |    11 |    25 |   154 |    41 |       ||   231
       Double sword      |       |       |       |       |       |       |       |    92 |   436 ||   528
       Eudemon blade     |       |       |       |       |       |       |       |       |   119 ||   119

Table legend: (Time is in decaauts)
 A = Elapsed time spent in this place.
 B = Non-inter-level travel time spent in this place.
 C = Inter-level travel time spent in this place.
 D = Time resting spent in this place.
 E = Time spent auto-exploring this place.
 F = Levels seen in this place.
 G = Mean time per level.
                   A        B        C        D        E       F      G
               +--------+--------+--------+--------+--------+-----+--------+
         Total | 118511 |  99514 |  18997 |  19701 |  50024 |  94 | 1260.8 |
       Dungeon |  29507 |  19867 |   9640 |   5351 |  10326 |  15 | 1967.1 |
        Temple |    188 |    159 |     29 |      0 |    157 |   1 |  188.0 |
          Lair |  10594 |   8847 |   1747 |   2321 |   3670 |   6 | 1765.7 |
         Swamp |   2946 |   2767 |    179 |    305 |   1684 |   4 |  736.5 |
     Snake Pit |   6303 |   5729 |    574 |    594 |   3224 |   4 | 1575.8 |
    Slime Pits |   3951 |   3462 |    489 |    693 |   1515 |   5 |  790.2 |
  Orcish Mines |   2591 |   2383 |    208 |    743 |   1015 |   2 | 1295.5 |
   Elven Halls |   4302 |   3850 |    452 |    721 |   1901 |   3 | 1434.0 |
        Vaults |   9808 |   7971 |   1837 |   1249 |   4818 |   5 | 1961.6 |
         Crypt |   4134 |   3572 |    562 |    437 |   2073 |   3 | 1378.0 |
        Depths |   9465 |   6585 |   2880 |   1403 |   3211 |   5 | 1893.0 |
          Hell |    441 |    422 |     19 |      0 |    311 |   1 |  441.0 |
           Zot |   6930 |   6553 |    377 |   1731 |   2791 |   5 | 1386.0 |
         Abyss |   3397 |   3397 |      0 |    432 |    267 |   8 |  424.6 |
   Pandemonium |  21561 |  21561 |      0 |   2435 |  12912 |  25 |  862.4 |
         Sewer |    330 |    330 |      0 |     21 |    138 |   1 |  330.0 |
      Gauntlet |   2056 |   2056 |      0 |   1261 |      9 |   1 | 2056.0 |
               +--------+--------+--------+--------+--------+-----+--------+

Top non-repeatable levels by time:
    D:11: 7322 daAuts
  Lair:5: 2987 daAuts
   Zot:5: 2850 daAuts
Depths:2: 2633 daAuts
Vaults:2: 2479 daAuts
 Crypt:3: 2407 daAuts
     D:8: 2401 daAuts
    D:15: 2383 daAuts
    D:14: 2161 daAuts
  Lair:1: 2146 daAuts
  Lair:6: 2139 daAuts
Gauntlet: 2056 daAuts
Depths:5: 2052 daAuts
Depths:1: 1995 daAuts
 Abyss:1: 1986 daAuts
